Workbook
Name \0: #REF!
Name \00: #REF!
Name \a: #REF!
Name \AA: #REF!
Name \b: #REF!
Name \bb: #REF!
Name \E: #REF!
Name \EE: #REF!
Name \G: #REF!
Name \k: #REF!
Name \l: #REF!
Name \M: #REF!
Name \ñ: #REF!
Name \P: #REF!
Name \R: #REF!
Name \s: #REF!
Name \V: #REF!
Name \X: 'PRESUPUESTO OFICIAL 1 (enti (2)'!ERR
Name \X: 'PROPUESTA ECONÓMICA(Proponente)'!ERR
Name \X: [0]!ERR
Name \Z: 'PRESUPUESTO OFICIAL 1 (enti (2)'!ERR
Name \Z: 'PROPUESTA ECONÓMICA(Proponente)'!ERR
Name \Z: [0]!ERR
Name _________AFC1: #REF!
Name _________AFC3: #REF!
Name _________AFC5: #REF!
Name _________BGC1: #REF!
Name _________BGC3: #REF!
Name _________BGC5: #REF!
Name _________CAC1: #REF!
Name _________CAC3: #REF!
Name _________CAC5: #REF!
Name _________PJ50: #REF!
Name _________SBC1: #REF!
Name _________SBC3: #REF!
Name _________SBC5: #REF!
Name ________AFC1: #REF!
Name ________AFC3: #REF!
Name ________AFC5: #REF!
Name ________BGC1: #REF!
Name ________BGC3: #REF!
Name ________BGC5: #REF!
Name ________CAC1: #REF!
Name ________CAC3: #REF!
Name ________CAC5: #REF!
Name ________MA2: #REF!
Name ________PJ50: #REF!
Name ________SBC1: #REF!
Name ________SBC3: #REF!
Name ________SBC5: #REF!
Name _______AFC1: #REF!
Name _______AFC3: #REF!
Name _______AFC5: #REF!
Name _______BGC1: #REF!
Name _______BGC3: #REF!
Name _______BGC5: #REF!
Name _______CAC1: #REF!
Name _______CAC3: #REF!
Name _______CAC5: #REF!
Name _______MA2: #REF!

Sheet PRESUPUESTO OFICIAL 1 (enti (2)
C3: Formulario 1 - Propuesta económica - Documento tipo de obra pública - versión 3
C4: Código | D4: CCE-EICP-FM-14
C5: FORMULARIO 1
C6: PRESUPUESTO OFICIAL
C7: [La entidad puede utilizar este formulario de detalle del presupuesto oficial para determinar las condiciones bajo las cuales los proponentes analizarán y presentarán su propuesta económica de forma detallada, sin perjuicio que la entidad pueda modificarlo o establecer la presentación de la oferta económica con un formulario distinto al indicado.]
C9: Adicionalmente, cuando el proceso de contratación es estructurado por precios unitarios, la Entidad debe aplicar las notas 1, 2 y 3 del presente formulario y las casillas de "Descripción", "Porcentaje" de la Administración, Utilidad y total A.U. resaltadas en color amarillo. Tratándose de otras modalidades de precio, la Entidad puede o no configurar los mismos aspectos.
C11: MEJORAMIENTO DE LA PLANTA FÍSICA DEL ESTABLECIMIENTO EDUCATIVO OFICIAL: PRESUPUESTO OBRA CIVIL -INSTITUCION EDUCATIVA LEON DE GREIFF SEDE PRINCIPAL
C12: Nº | D12: ITEM DE PAGO | E12: DESCRIPCION | F12: UND. | G12: CANTIDAD | H12: VALOR UNITARIO | I12: VALOR TOTAL
E14: PRELIMINARES
C15: 1 | D15: 001.049 | E15: =VLOOKUP(D15,[1]Actividades!$A$36:$E$3249,2,FALSE) -> SUMINISTRO, TRANSPORTE E INSTALACIÓN CERRAMIENTO EN YUTE H= 2 M | F15: =VLOOKUP(D15,[1]Actividades!$A$36:$E$3256,4,FALSE) -> ML | G15: 80 | H15: =ROUND((VLOOKUP(D15,APU!$A$1:I799,9,FALSE)*'Analisis AU (2)'!$G$16),0) -> 21712 | I15: =ROUND(H15*G15,0) -> 1736960
C16: 2 | D16: 001.054 | E16: =VLOOKUP(D16,[1]Actividades!$A$36:$E$3249,2,FALSE) -> SUMINISTRO, TRANSPORTE E INSTALACION SEÑAL PREVENTIVA, REGLAMENTARIA E INFORMATIVA | F16: =VLOOKUP(D16,[1]Actividades!$A$36:$E$3256,4,FALSE) -> UND | G16: 3 | H16: =ROUND((VLOOKUP(D16,APU!$A$1:I800,9,FALSE)*'Analisis AU (2)'!$G$16),0) -> 355797 | I16: =ROUND(H16*G16,0) -> 1067391
C17: Subtotal | I17: =SUM(I15:I16) -> 2804351
E18: MOVIMIENTO DE TIERRAS
C19: 3 | D19: 002.010 | E19: =VLOOKUP(D19,[1]Actividades!$A$36:$E$3249,2,FALSE) -> EXCAVACIÓN PARA ESTRUCTURAS - MATERIAL COMÚN - 0.0 A 2.0 M | F19: =VLOOKUP(D19,[1]Actividades!$A$36:$E$3256,4,FALSE) -> M3 | G19: 48 | H19: =ROUND((VLOOKUP(D19,APU!$A$1:I824,9,FALSE)*'Analisis AU (2)'!$G$16),0) -> 86498 | I19: =G19*H19 -> 4151904
C20: 4 | D20: 002.089 | E20: =VLOOKUP(D20,[1]Actividades!$A$36:$E$3249,2,FALSE) -> RETIRO DE MATERIAL SOBRANTE EN VOLQUETA, CARGUE MANUAL, DISPOSICIÓN EN BOTADERO (HASTA 25 KM) | F20: =VLOOKUP(D20,[1]Actividades!$A$36:$E$3256,4,FALSE) -> M3-Suelto | G20: 80 | H20: =ROUND((VLOOKUP(D20,APU!$A$1:I825,9,FALSE)*'Analisis AU (2)'!$G$16),0) -> 61762 | I20: =G20*H20 -> 4940960
C21: Subtotal | I21: =SUM(I18:I20) -> 9092864
E22: CIMIENTOS
C23: 5 | D23: 002A.018 | E23: =VLOOKUP(D23,[1]Actividades!$A$36:$E$3249,2,FALSE) -> SUMINISTRO, TRANSPORTE E INSTALACION PEDESTALES EN CONCRETO 3000 PSI | F23: =VLOOKUP(D23,[1]Actividades!$A$36:$E$3256,4,FALSE) -> M3 | G23: 2 | H23: =ROUND((VLOOKUP(D23,APU!$A$1:I813,9,FALSE)*'Analisis AU (2)'!$G$16),0) -> 1355852 | I23: =G23*H23 -> 2711704
C24: Subtotal | I24: =SUM(I22:I23) -> 2711704
E25: DESAGUES E INSTALACIONES SANITARIAS
C26: 6 | D26: 003.011 | E26: =VLOOKUP(D26,[1]Actividades!$A$36:$E$3249,2,FALSE) -> SUMINISTRO, TRANSPORTE E INSTALACION BAJANTE AGUAS LLUVIAS PVC 4" (INCLUYE CODO, UNION Y ACCESORIOS DE FIJACION) | F26: =VLOOKUP(D26,[1]Actividades!$A$36:$E$3256,4,FALSE) -> ML | G26: 100 | H26: =ROUND((VLOOKUP(D26,APU!$A$1:I813,9,FALSE)*'Analisis AU (2)'!$G$16),0) -> 59015 | I26: =G26*H26 -> 5901500
C27: Subtotal | I27: =SUM(I25:I26) -> 5901500
E28: PISOS BASES RELLENOS
C29: 7 | D29: 004.013 | E29: =VLOOKUP(D29,[1]Actividades!$A$36:$E$3249,2,FALSE) -> SUMINISTRO, TRANSPORTE E INSTALACION AFIRMADO COMPACTADO PARA ESTRUCTURAS | F29: =VLOOKUP(D29,[1]Actividades!$A$36:$E$3256,4,FALSE) -> M3 | G29: 47 | H29: =ROUND((VLOOKUP(D29,APU!$A$1:I826,9,FALSE)*'Analisis AU (2)'!$G$16),0) -> 211208 | I29: =G29*H29 -> 9926776
C30: Subtotal | I30: =SUM(I28:I29) -> 9926776
E31: ESTRUCTURAS EN CONCRETO, METALICAS Y DE MADERA
C32: 8 | D32: 005.011 | E32: =VLOOKUP(D32,[1]Actividades!$A$36:$E$3249,2,FALSE) -> SUMINISTRO, TRANSPORTE E INSTALACION PLACA CONTRAPISO CONCRETO 3000 PSI E=0.10 M | F32: =VLOOKUP(D32,[1]Actividades!$A$36:$E$3256,4,FALSE) -> M2 | G32: 166 | H32: =ROUND((VLOOKUP(D32,APU!$A$1:I813,9,FALSE)*'Analisis AU (2)'!$G$16),0) -> 167560 | I32: =G32*H32 -> 27814960
C33: 9 | D33: 005.049 | E33: =VLOOKUP(D33,[1]Actividades!$A$36:$E$3249,2,FALSE) -> SUMINISTRO, TRANSPORTE E INSTALACION MESON EN CONCRETO 3000 PSI E=0,07 M ANCHO=0,60M( INCLUYE REFUERZO, ACERO NO. 3 EN AMBAS DIRECCIONES @ 0,15M, MURO EN LADRILLO Y REVOQUE) | F33: =VLOOKUP(D33,[1]Actividades!$A$36:$E$3256,4,FALSE) -> ML | G33: 2 | H33: =ROUND((VLOOKUP(D33,APU!$A$1:I824,9,FALSE)*'Analisis AU (2)'!$G$16),0) -> 327348 | I33: =G33*H33 -> 654696
C34: 10 | D34: 005.073 | E34: =VLOOKUP(D34,[1]Actividades!$A$36:$E$3249,2,FALSE) -> SUMINISTRO, TRANSPORTE E INSTALACION ESTRUCTURA METÁLICA EN PERFIL LÁMINA DELGADA PHR ASTM A500 GRADO 50. CALIBRE SEGÚN DISEÑO (INCLUYE VIGAS, CERCHAS, CORREAS, ANTICORROSIVO Y ESMALTE) | F34: =VLOOKUP(D34,[1]Actividades!$A$36:$E$3256,4,FALSE) -> KG | G34: 580 | H34: =ROUND((VLOOKUP(D34,APU!$A$1:I825,9,FALSE)*'Analisis AU (2)'!$G$16),0) -> 29149 | I34: =G34*H34 -> 16906420
C35: Subtotal | I35: =SUM(I32:I34) -> 45376076
E36: INSTALACIONES ELECTRICAS - REDES INTERNAS
C37: 11 | D37: 08B.112 | E37: =VLOOKUP(D37,[1]Actividades!$A$36:$E$3249,2,FALSE) -> SUMINISTRO E INSTALACION DE TABLERO DE 8 CIRCUITOS 2F4H, CON PUERTA. BARRAJE PARA 200A BARRA NEUTRO Y BARRA TIERRA CALIDAD LEGRAND, SIEMENS, SQARED O SUPERIOR DE MARCA RECONOCIDA Y HOMOLOGADA POR EL CIDET | F37: =VLOOKUP(D37,[1]Actividades!$A$36:$E$3256,4,FALSE) -> UND | G37: 1 | H37: =ROUND((VLOOKUP(D37,APU!$A$1:I835,9,FALSE)*'Analisis AU (2)'!$G$16),0) -> 462774 | I37: =G37*H37 -> 462774
C38: 12 | D38: 08B.493 | E38: =VLOOKUP(D38,[1]Actividades!$A$36:$E$3249,2,FALSE) -> SUMINISTRO, TRANSPORTE E INSTALACION SALIDA ILUMINACION EN TUBERIA CONDUIT PVC SCH40 3/4", CABLE N° 12 AWG | F38: =VLOOKUP(D38,[1]Actividades!$A$36:$E$3256,4,FALSE) -> UND | G38: 75 | H38: =ROUND((VLOOKUP(D38,APU!$A$1:I836,9,FALSE)*'Analisis AU (2)'!$G$16),0) -> 234544 | I38: =G38*H38 -> 17590800
C39: 13 | D39: 08B.176 | E39: =VLOOKUP(D39,[1]Actividades!$A$36:$E$3249,2,FALSE) -> SUMINISTRO, TRANSPORTE E INSTALACION SALIDA TOMACORRIENTE NORMAL DOBLE PT EN TUBERIA CONDUIT EMT 3/4", ALAMBRE NO 12 AWG | F39: =VLOOKUP(D39,[1]Actividades!$A$36:$E$3256,4,FALSE) -> UND | G39: 45 | H39: =ROUND((VLOOKUP(D39,APU!$A$1:I837,9,FALSE)*'Analisis AU (2)'!$G$16),0) -> 268158 | I39: =G39*H39 -> 12067110
C40: 14 | D40: 08B.179 | E40: =VLOOKUP(D40,[1]Actividades!$A$36:$E$3249,2,FALSE) -> SUMINISTRO, TRANSPORTE E INSTALACION SALIDA TOMACORRIENTE GFCI DOBLE EN TUBERIA CONDUIT EMT 3/4", ALAMBRE NO 12 AWG | F40: =VLOOKUP(D40,[1]Actividades!$A$36:$E$3256,4,FALSE) -> UND | G40: 6 | H40: =ROUND((VLOOKUP(D40,APU!$A$1:I838,9,FALSE)*'Analisis AU (2)'!$G$16),0) -> 290444 | I40: =G40*H40 -> 1742664
C41: 15 | D41: 08B.197 | E41: =VLOOKUP(D41,[1]Actividades!$A$36:$E$3249,2,FALSE) -> SUMINISTRO, TRANSPORTE E INSTALACION SALIDA INTERRUPTOR SENCILLO EN TUBERIA CONDUIT EMT 3/4", ALAMBRE NO 12 AWG. | F41: =VLOOKUP(D41,[1]Actividades!$A$36:$E$3256,4,FALSE) -> UND | G41: 35 | H41: =ROUND((VLOOKUP(D41,APU!$A$1:I839,9,FALSE)*'Analisis AU (2)'!$G$16),0) -> 262599 | I41: =G41*H41 -> 9190965
C42: 16 | D42: 08B.266 | E42: =VLOOKUP(D42,[1]Actividades!$A$36:$E$3249,2,FALSE) -> SUMINISTRO, TRANSPORTE E INSTALACION LUMINARIA PANEL LED DE INCRUSTAR-REF. 9PULG-24W TIPO PALNETA O SIMILAR | F42: =VLOOKUP(D42,[1]Actividades!$A$36:$E$3256,4,FALSE) -> UND | G42: 8 | H42: =ROUND((VLOOKUP(D42,APU!$A$1:I839,9,FALSE)*'Analisis AU (2)'!$G$16),0) -> 243238 | I42: =G42*H42 -> 1945904
C43: 17 | D43: 08B.278 | E43: =VLOOKUP(D43,[1]Actividades!$A$36:$E$3249,2,FALSE) -> SUMINISTRO E INSTALACION DE BREAKER 1X20 A | F43: =VLOOKUP(D43,[1]Actividades!$A$36:$E$3256,4,FALSE) -> UND | G43: 8 | H43: =ROUND((VLOOKUP(D43,APU!$A$1:I840,9,FALSE)*'Analisis AU (2)'!$G$16),0) -> 83696 | I43: =G43*H43 -> 669568
C44: 18 | D44: 08B.456 | E44: =VLOOKUP(D44,[1]Actividades!$A$36:$E$3249,2,FALSE) -> SUMINISTRO, TRANSPORTE E INSTALACIÓN LUMINARIA HERMETICA 36W - SYLVANIA O SIMILAR | F44: =VLOOKUP(D44,[1]Actividades!$A$36:$E$3256,4,FALSE) -> UND | G44: 6 | H44: =ROUND((VLOOKUP(D44,APU!$A$1:I843,9,FALSE)*'Analisis AU (2)'!$G$16),0) -> 206280 | I44: =G44*H44 -> 1237680
C45: 19 | D45: 08B.838 | E45: =VLOOKUP(D45,[1]Actividades!$A$36:$E$3249,2,FALSE) -> SUMINISTRO, TRANSPORTE E INSTALACION DE RED ELECTRICA EN 3 # 12 THHN (NO INCLUYE DUCTO) | F45: =VLOOKUP(D45,[1]Actividades!$A$36:$E$3256,4,FALSE) -> ML | G45: 90 | H45: =ROUND((VLOOKUP(D45,APU!$A$1:I846,9,FALSE)*'Analisis AU (2)'!$G$16),0) -> 28724 | I45: =G45*H45 -> 2585160
C46: 20 | D46: 08B.841 | E46: =VLOOKUP(D46,[1]Actividades!$A$36:$E$3249,2,FALSE) -> DESMONTE DE LA RED ELÉCTRICA EXISTENTE, INCLUYENDO RETIRO DE TUBERÍAS, LUMINARIAS, TOMACORRIENTES, INTERRUPTORES Y TABLEROS DE DISTRIBUCIÓN Y DISPOSICIÓN FINAL SEGÚN NORMATIVAS VIGENTES. IDENTIFICACIÓN Y SEPARACIÓN DE ELEMENTOS REUTILIZABLES O DESECHABLES. MANEJO Y DISPOSICIÓN DE RESIDUOS ELÉCTRICOS CONFORME A NORMATIVAS AMBIENTALES. (MEDIDO EN M2 EN PLANTA DE EDIFICACIÓN) | F46: =VLOOKUP(D46,[1]Actividades!$A$36:$E$3256,4,FALSE) -> M2 | G46: 500 | H46: =ROUND((VLOOKUP(D46,APU!$A$1:I847,9,FALSE)*'Analisis AU (2)'!$G$16),0) -> 15337 | I46: =G46*H46 -> 7668500
C47: 21 | D47: 08B.843 | E47: =VLOOKUP(D47,[1]Actividades!$A$36:$E$3249,2,FALSE) -> SUMINISTRO, TRANSPORTE E INSTALACION DE LUMINARIA PANEL LED RECTANGULAR DE 40W DE INCRUSTAR | F47: =VLOOKUP(D47,[1]Actividades!$A$36:$E$3256,4,FALSE) -> UND | G47: 12 | H47: =ROUND((VLOOKUP(D47,APU!$A$1:I847,9,FALSE)*'Analisis AU (2)'!$G$16),0) -> 229062 | I47: =G47*H47 -> 2748744
C48: 22 | D48: 08B.969 | E48: =VLOOKUP(D48,[1]Actividades!$A$36:$E$3249,2,FALSE) -> SUMINISTRO E INSTALACIÓN PANEL LED 60X60 CMS, 40W DE INCRUSTAR, 4000K, TIPO P27930 Ó SIMILAR | F48: =VLOOKUP(D48,[1]Actividades!$A$36:$E$3256,4,FALSE) -> UND | G48: 55 | H48: =ROUND((VLOOKUP(D48,APU!$A$1:I847,9,FALSE)*'Analisis AU (2)'!$G$16),0) -> 192468 | I48: =G48*H48 -> 10585740
C49: 23 | D49: 08B.559 | E49: =VLOOKUP(D49,[1]Actividades!$A$36:$E$3249,2,FALSE) -> SUMINISTRO E INSTALACIÓN CAJA DE PASO RAWELT 4X4" | F49: =VLOOKUP(D49,[1]Actividades!$A$36:$E$3256,4,FALSE) -> UND | G49: 27 | H49: =ROUND((VLOOKUP(D49,APU!$A$1:I848,9,FALSE)*'Analisis AU (2)'!$G$16),0) -> 181304 | I49: =G49*H49 -> 4895208
C50: Subtotal | I50: =SUM(I37:I49) -> 73390817
E51: REVOQUES Y RESANES
C52: 24 | D52: 009.001 | E52: =VLOOKUP(D52,[1]Actividades!$A$36:$E$3249,2,FALSE) -> SUMINISTRO,TRANSPORTE E INSTALACION REVOQUE LISO MUROS 1:3 INTERIOR ( INCLUYE FILOS Y DILATACIONES ) | F52: =VLOOKUP(D52,[1]Actividades!$A$36:$E$3256,4,FALSE) -> M2 | G52: 23 | H52: =ROUND((VLOOKUP(D52,APU!$A$1:I825,9,FALSE)*'Analisis AU (2)'!$G$16),0) -> 51099 | I52: =G52*H52 -> 1175277
C53: Subtotal | I53: =SUM(I52:I52) -> 1175277
E54: CUBIERTAS
C55: 25 | D55: 010.019 | E55: =VLOOKUP(D55,[1]Actividades!$A$36:$E$3249,2,FALSE) -> SUMINISTRO, TRANSPORTE E INSTALACION CANAL EN LAMINA GALVANIZADA CAL .22 D/ 0.60 M. (SUMINISTRO E INSTALACIÓN CON WASH PRIMER + ESMALTE + ANCLAJE A MURO + SILICONA) | F55: =VLOOKUP(D55,[1]Actividades!$A$36:$E$3256,4,FALSE) -> ML | G55: 45 | H55: =ROUND((VLOOKUP(D55,APU!$A$1:I825,9,FALSE)*'Analisis AU (2)'!$G$16),0) -> 126403 | I55: =G55*H55 -> 5688135
C56: 26 | D56: 010.026 | E56: =VLOOKUP(D56,[1]Actividades!$A$36:$E$3249,2,FALSE) -> RECORRIDO DE CUBIERTA (INC. GANCHOS, AMARRAS Y SIKAFLEX) | F56: =VLOOKUP(D56,[1]Actividades!$A$36:$E$3256,4,FALSE) -> M2 | G56: 306 | H56: =ROUND((VLOOKUP(D56,APU!$A$1:I826,9,FALSE)*'Analisis AU (2)'!$G$16),0) -> 30152 | I56: =G56*H56 -> 9226512
C57: Subtotal | I57: =SUM(I55:I56) -> 14914647
E58: CIELO RASOS
C59: 27 | D59: 011.018 | E59: =VLOOKUP(D59,[1]Actividades!$A$36:$E$3249,2,FALSE) -> SUMINISTRO, TRANSPORTE E INSTALACIÓN A TODO COSTO DE CIELO RASO EN SUPERBOARD 4 MM TEXTURIZADO MODULADO 0,60 X 0,60 PINTADO Y TERMINADO. INCLUYE PERFILERÍA, ANCLAJES Y TODO LO NECESARIO PARA SU CORRECTA INSTALACIÓN | F59: =VLOOKUP(D59,[1]Actividades!$A$36:$E$3256,4,FALSE) -> M2 | G59: 468 | H59: =ROUND((VLOOKUP(D59,APU!$A$1:I829,9,FALSE)*'Analisis AU (2)'!$G$16),0) -> 101685 | I59: =G59*H59 -> 47588580
C60: Subtotal | I60: =SUM(I59:I59) -> 47588580
E61: PISOS-ACABADOS
C62: 28 | D62: 012.006 | E62: =VLOOKUP(D62,[1]Actividades!$A$36:$E$3249,2,FALSE) -> SUMINISTRO, TRANSPORTE E INSTALACION CERAMICA PISO POMPEI TIPO ALFA O SIMILAR. COLOR CORAL O SHELL SEGÚN DISEÑO. INCLUYE MORTERO DE PEGA Y/O NIVELACIÓN | F62: =VLOOKUP(D62,[1]Actividades!$A$36:$E$3256,4,FALSE) -> M2 | G62: 32 | H62: =ROUND((VLOOKUP(D62,APU!$A$1:I829,9,FALSE)*'Analisis AU (2)'!$G$16),0) -> 106964 | I62: =G62*H62 -> 3422848
C63: 29 | D63: 012.010 | E63: SUMINISTRO, TRANSPORTE E INSTALACION BALDOSA GRANO DE MARMOL TERRAZO TIPO ALFA O SIMILAR. (INCLUYE DESTRONCADA, PULIDA, BRILLADA, MORTERO DE NIVELACIÓN Y DILATACIÓN EN PVC). | F63: =VLOOKUP(D63,[1]Actividades!$A$36:$E$3256,4,FALSE) -> M2 | G63: 190 | H63: =ROUND((VLOOKUP(D63,APU!$A$1:I813,9,FALSE)*'Analisis AU (2)'!$G$16),0) -> 264204 | I63: =G63*H63 -> 50198760
C64: 30 | D64: 012.036 | E64: =VLOOKUP(D64,[1]Actividades!$A$36:$E$3249,2,FALSE) -> SUMINISTRO, TRANSPORTE E INSTALACION GUARDAESCOBA RECTO BALDOSA GRANO DE MARMOL P5 PAYANDE 30 X 7.2 CM. TIPO ALFA O SIMILAR. FONDO BLANCO (INCLUYE BOQUILLA.) | F64: =VLOOKUP(D64,[1]Actividades!$A$36:$E$3256,4,FALSE) -> ML | G64: 150 | H64: =ROUND((VLOOKUP(D64,APU!$A$1:I814,9,FALSE)*'Analisis AU (2)'!$G$16),0) -> 51038 | I64: =G64*H64 -> 7655700
C65: 31 | D65: 012.065 | E65: =VLOOKUP(D65,[1]Actividades!$A$36:$E$3249,2,FALSE) -> SUMINISTRO, TRANSPORTE E INSTALACION PISOS EN TABLILLA DE ZAPAN Y VIGUETA DE CHANUL | F65: =VLOOKUP(D65,[1]Actividades!$A$36:$E$3256,4,FALSE) -> M2 | G65: 280 | H65: =ROUND((VLOOKUP(D65,APU!$A$1:I815,9,FALSE)*'Analisis AU (2)'!$G$16),0) -> 235146 | I65: =G65*H65 -> 65840880
C66: Subtotal | I66: =SUM(I62:I65) -> 127118188
E67: ENCHAPES Y ACCESORIOS
C68: 32 | D68: 013.004 | E68: =VLOOKUP(D68,[1]Actividades!$A$36:$E$3249,2,FALSE) -> SUMINISTRO, TRANSPORTE E INSTALACION CERAMICA PARED STONE TIPO ALFA O SIMILAR. COLOR BLANCO O CAFÉ SEGÚN DISEÑO (INCLUYE BOQUILLA COLOR Y WIN.) | F68: =VLOOKUP(D68,[1]Actividades!$A$36:$E$3256,4,FALSE) -> M2 | G68: 55 | H68: =ROUND((VLOOKUP(D68,APU!$A$1:I834,9,FALSE)*'Analisis AU (2)'!$G$16),0) -> 119296 | I68: =G68*H68 -> 6561280
C69: Subtotal | I69: =SUM(I68:I68) -> 6561280
E70: APARATOS SANITARIOS
C71: 33 | D71: 015.006 | E71: =VLOOKUP(D71,[1]Actividades!$A$36:$E$3249,2,FALSE) -> SUMINISTRO, TRANSPORTE E INSTALACION SANITARIO INSTITUCIONAL BAJO CONSUMO ENTRADA POSTERIOR GRIFERIA ANTIVANDALICA. TAZA BÁLTICA CORONA O SIMILAR. CUMPLE MOVILIDAD REDUCIDA | F71: =VLOOKUP(D71,[1]Actividades!$A$36:$E$3256,4,FALSE) -> UND | G71: 3 | H71: =ROUND((VLOOKUP(D71,APU!$A$1:I815,9,FALSE)*'Analisis AU (2)'!$G$16),0) -> 2286576 | I71: =G71*H71 -> 6859728
C72: 34 | D72: 015.013 | E72: =VLOOKUP(D72,[1]Actividades!$A$36:$E$3249,2,FALSE) -> SUMINISTRO, TRANSPORTE E INSTALACION LAVAMANOS SOBREPONER LINEA MARSELLA COLOR BLANCO CORONA O SIMILAR. (INCLUYE GRIFERIA, DESAGÜE AUTOMATICO, SIFÓN BOTELLA, ACOPLE). | F72: =VLOOKUP(D72,[1]Actividades!$A$36:$E$3256,4,FALSE) -> UND | G72: 2 | H72: =ROUND((VLOOKUP(D72,APU!$A$1:I816,9,FALSE)*'Analisis AU (2)'!$G$16),0) -> 707911 | I72: =G72*H72 -> 1415822
C73: Subtotal | I73: =SUM(I71:I72) -> 8275550
E74: CARPINTERÍA EN MADERA
C75: 35 | D75: 016.049 | E75: SUMINISTRO TRANSPORTE E INSTALACIÓN DE VIGAS DE ENTREPISO DE HASTA 3 METROS DE LONGITUD EMPLEANDO MADERA ESTRUCTURAL CHANUL SECCIÓN 0,12X0,04 M. INCLUYE INMUNIZACIÓN DE LA MADERA | F75: UND | G75: 12 | H75: =ROUND((APU!I557*'Analisis AU (2)'!G16),0) -> 199560 | I75: =G75*H75 -> 2394720
C76: Subtotal | I76: =SUM(I75:I75) -> 2394720
E77: PINTURA
C78: 36 | D78: 019.043 | E78: =VLOOKUP(D78,[1]Actividades!$A$36:$E$3249,2,FALSE) -> SUMINISTRO, TRANSPORTE E INSTALACIÓN DE RETOQUE DE PINTURA EXISTENTE (INCLUYE RESANE, LIJADA Y PINTURA 3 MANOS DE PINTURA) | F78: =VLOOKUP(D78,[1]Actividades!$A$36:$E$3256,4,FALSE) -> M2 | G78: 180 | H78: =ROUND((VLOOKUP(D78,APU!$A$1:I831,9,FALSE)*'Analisis AU (2)'!$G$16),0) -> 30950 | I78: =G78*H78 -> 5571000
C79: 37 | D79: 019.001 | E79: =VLOOKUP(D79,[1]Actividades!$A$36:$E$3249,2,FALSE) -> SUMINISTRO, TRANSPORTE E INSTALACION ESTUCO Y VINILO 3 MANOS SOBRE MURO INTERIOR (INCLUYE ESTUCO, 1 MANO EN PINTURA TIPO 2 Y DOS MANOS EN PINTURA TIPO 1, FILOS Y DILATACIONES). COLOR SEGÚN DISEÑO POR M2 | F79: =VLOOKUP(D79,[1]Actividades!$A$36:$E$3256,4,FALSE) -> M2 | G79: 150 | H79: =ROUND((VLOOKUP(D79,APU!$A$1:I832,9,FALSE)*'Analisis AU (2)'!$G$16),0) -> 41549 | I79: =G79*H79 -> 6232350
C80: Subtotal | I80: =SUM(I78:I79) -> 11803350
E81: ASEO GENERAL Y LIMPIEZA
C82: 38 | D82: 022.001 | E82: =VLOOKUP(D82,[1]Actividades!$A$36:$E$3249,2,FALSE) -> ASEO GENERAL | F82: =VLOOKUP(D82,[1]Actividades!$A$36:$E$3256,4,FALSE) -> M2 | G82: 800 | H82: =ROUND((VLOOKUP(D82,APU!$A$1:I851,9,FALSE)*'Analisis AU (2)'!$G$16),0) -> 6421 | I82: =G82*H82 -> 5136800
C83: Subtotal | I83: =SUM(I82:I82) -> 5136800
E84: ALCANTARILLADO
C85: 39 | D85: 024.169 | E85: =VLOOKUP(D85,[1]Actividades!$A$36:$E$3249,2,FALSE) -> SUMINISTRO, TRANSPORTE E INSTALACIÓN DE CUERPO PARA CÁMARA DE INSPECCIÓN DE 60X60 EN CONCRETO REFORZADO DE 3000 PSI. E=15CM. (INC REFUERZO EN MALLA ELECTROSOLDADA) - NORMA AGUAS DE MANIZALES | F85: =VLOOKUP(D85,[1]Actividades!$A$36:$E$3256,4,FALSE) -> ML | G85: 2 | H85: =ROUND((VLOOKUP(D85,APU!$A$1:I853,9,FALSE)*'Analisis AU (2)'!$G$16),0) -> 794121 | I85: =G85*H85 -> 1588242
C86: 40 | D86: 024.172 | E86: =VLOOKUP(D86,[1]Actividades!$A$36:$E$3249,2,FALSE) -> SUMINISTRO, TRANSPORTE E INSTALACIÓN DE BASE Y CAÑUELA EN CONCRETO PARA CÁRAMA DE INSPECCIÓN DE 60X60CM. INCLUYE EXCAVACIÓN, AFIRMADO COMPACTADO. | F86: =VLOOKUP(D86,[1]Actividades!$A$36:$E$3256,4,FALSE) -> UND | G86: 2 | H86: =ROUND((VLOOKUP(D86,APU!$A$1:I853,9,FALSE)*'Analisis AU (2)'!$G$16),0) -> 286599 | I86: =G86*H86 -> 573198
C87: 41 | D87: 024.175 | E87: =VLOOKUP(D87,[1]Actividades!$A$36:$E$3249,2,FALSE) -> SUMINISTRO, TRANSPORTE E INSTALACIÓN DE TAPA EN CONCRETO PARA CÁMARA DE INSPECCIÓN DE 60X60CM. INCLUYE MARCO Y CONTRAMARCO EN ÁNGULO DE 2"X2"X3/16", ACERO DE REFUERZO Y AGARRADERA EN VARILLA. | F87: =VLOOKUP(D87,[1]Actividades!$A$36:$E$3256,4,FALSE) -> UND | G87: 2 | H87: =ROUND((VLOOKUP(D87,APU!$A$1:I854,9,FALSE)*'Analisis AU (2)'!$G$16),0) -> 291076 | I87: =G87*H87 -> 582152
C88: Subtotal | I88: =SUM(I85:I87) -> 2743592
E89: DESMONTES
C90: 42 | D90: 028.005 | E90: =VLOOKUP(D90,[1]Actividades!$A$36:$E$3249,2,FALSE) -> DESMONTE APARATOS SANITARIOS | F90: =VLOOKUP(D90,[1]Actividades!$A$36:$E$3256,4,FALSE) -> UND | G90: 5 | H90: =ROUND((VLOOKUP(D90,APU!$A$1:I849,9,FALSE)*'Analisis AU (2)'!$G$16),0) -> 107282 | I90: =G90*H90 -> 536410
C91: 43 | D91: 028.007 | E91: =VLOOKUP(D91,[1]Actividades!$A$36:$E$3249,2,FALSE) -> DESMONTE CUBIERTA (INC. RETIRO YDISPOSICIÓN EN BOTADERO) | F91: =VLOOKUP(D91,[1]Actividades!$A$36:$E$3256,4,FALSE) -> M2 | G91: 98 | H91: =ROUND((VLOOKUP(D91,APU!$A$1:I850,9,FALSE)*'Analisis AU (2)'!$G$16),0) -> 27064 | I91: =G91*H91 -> 2652272
C92: 44 | D92: 028.008 | E92: =VLOOKUP(D92,[1]Actividades!$A$36:$E$3249,2,FALSE) -> DESMONTE CIELO RASO (INCLUYE RETIRO) | F92: =VLOOKUP(D92,[1]Actividades!$A$36:$E$3256,4,FALSE) -> M2 | G92: 450 | H92: =ROUND((VLOOKUP(D92,APU!$A$1:I850,9,FALSE)*'Analisis AU (2)'!$G$16),0) -> 26581 | I92: =G92*H92 -> 11961450
C93: 45 | D93: 028.013 | E93: =VLOOKUP(D93,[1]Actividades!$A$36:$E$3249,2,FALSE) -> DESMONTE PISOS EN MADERA | F93: =VLOOKUP(D93,[1]Actividades!$A$36:$E$3256,4,FALSE) -> M2 | G93: 280 | H93: =ROUND((VLOOKUP(D93,APU!$A$1:I851,9,FALSE)*'Analisis AU (2)'!$G$16),0) -> 28831 | I93: =G93*H93 -> 8072680
C94: Subtotal | I94: =SUM(I90:I93) -> 23222812
E95: DEMOLICIONES
C96: 47 | D96: 029.003 | E96: =VLOOKUP(D96,[1]Actividades!$A$36:$E$3249,2,FALSE) -> DEMOLICION ENCHAPE DE PISOS (INCLUYE RETIRO) | F96: =VLOOKUP(D96,[1]Actividades!$A$36:$E$3256,4,FALSE) -> M2 | G96: 400 | H96: =ROUND((VLOOKUP(D96,APU!$A$1:I854,9,FALSE)*'Analisis AU (2)'!$G$16),0) -> 20060 | I96: =G96*H96 -> 8024000
C97: Subtotal | I97: =SUM(I96:I96) -> 8024000
E98: ACTIVIDADES PARA PROYECTOS ESPECIFICOS
C99: 48 | D99: 032.027 | E99: =VLOOKUP(D99,[1]Actividades!$A$36:$E$3249,2,FALSE) -> SUMINISTRO, TRANSPORTE E INSTALACION TEJA ONDULADA FIBROCEMENTO PERFIL 7 | F99: =VLOOKUP(D99,[1]Actividades!$A$36:$E$3256,4,FALSE) -> M2 | G99: 80 | H99: =ROUND((VLOOKUP(D99,APU!$A$1:I878,9,FALSE)*'Analisis AU (2)'!$G$16),0) -> 72154 | I99: =G99*H99 -> 5772320
A100: | | C100: 49 | D100: 032.059 | E100: =VLOOKUP(D100,[1]Actividades!$A$36:$E$3249,2,FALSE) -> SUMINISTRO, TRANSPORTE E INSTALACION PINTURA ESMALTE PARA PUERTAS, REJAS, VENTANAS, PASAMANOS Y ZÓCALOS. INCLUYE FILOS Y DILATACIONES | F100: =VLOOKUP(D100,[1]Actividades!$A$36:$E$3256,4,FALSE) -> M2 | G100: 35 | H100: =ROUND((VLOOKUP(D100,APU!$A$1:I878,9,FALSE)*'Analisis AU (2)'!$G$16),0) -> 43057 | I100: =G100*H100 -> 1506995
C101: 50 | D101: 032.125 | E101: =VLOOKUP(D101,[1]Actividades!$A$36:$E$3249,2,FALSE) -> SUMINISTRO TRANSPORTE E INSTALACION MESON EN GRANITO NATURAL CRISTAL PULIDO Y BRILLADO, PARA INCRUSTAR LAVAMANOS A=0.60M | F101: =VLOOKUP(D101,[1]Actividades!$A$36:$E$3256,4,FALSE) -> ML | G101: 2 | H101: =ROUND((VLOOKUP(D101,APU!$A$1:I878,9,FALSE)*'Analisis AU (2)'!$G$16),0) -> 907584 | I101: =G101*H101 -> 1815168
C102: Subtotal | I102: =SUM(I99:I101) -> 9094483
E103: ACUEDUCTOS Y ALCANTARILLADOS
C104: 51 | D104: 033.087 | E104: =VLOOKUP(D104,[1]Actividades!$A$36:$E$3249,2,FALSE) -> DEMOLICION DE ESTRUCTURAS DE CONCRETO REFORZADO | F104: =VLOOKUP(D104,[1]Actividades!$A$36:$E$3256,4,FALSE) -> M3 | G104: 2 | H104: =ROUND((VLOOKUP(D104,APU!$A$1:I853,9,FALSE)*'Analisis AU (2)'!$G$16),0) -> 300919 | I104: =G104*H104 -> 601838
C105: 52 | D105: 033.106 | E105: =VLOOKUP(D105,[1]Actividades!$A$36:$E$3249,2,FALSE) -> SUMINISTRO, TRANSPORTE E INSTALACION MALLA ELECTROSOLDADA M-084 Q-2 F 4 MM C/.15M EN AMBOS SENTIDOS (INCLUYE ALAMBRE NEGRO, COLOCACIÓN Y TRASLAPO). | F105: =VLOOKUP(D105,[1]Actividades!$A$36:$E$3256,4,FALSE) -> M2 | G105: 166 | H105: =ROUND((VLOOKUP(D105,APU!$A$1:I854,9,FALSE)*'Analisis AU (2)'!$G$16),0) -> 15743 | I105: =G105*H105 -> 2613338
...

Sheet APU
A1: 001.049 | B1: - | C1: SUMINISTRO, TRANSPORTE E INSTALACIÓN CERRAMIENTO EN YUTE H= 2 M | D1: Actividad | E1: ML | I1: 15699
A2: 001.049 | B2: C1 | C2: CUADRILLA AA TIPO 1 (1 OFICIAL + 1 AYUDANTE) (Albañileria) | D2: Cuadrilla | E2: HR | F2: 0.16 | G2: 37863 | H2: 6058 | J2: Ins C1
A3: 001.049 | B3: H2 | C3: EQUIPO BASICO (HERRAMIENTA MENOR) | D3: Herramienta | E3: UND | F3: 0.16 | G3: 3623 | H3: 580 | J3: Ins H2
A4: 001.049 | B4: I425 | C4: PUNTILLA CON CABEZA 2" | D4: Insumos | E4: LB | F4: 0.2 | G4: 5304 | H4: 1061 | J4: Ins I425
A5: 001.049 | B5: I447 | C5: FIBRA PARA CERRAMIENTO PROVISIONAL H=2,1M | D5: Insumos | E5: M | F5: 1 | G5: 4505 | H5: 4505 | J5: Ins I447
A6: 001.049 | B6: I986 | C6: GUADUA CEPA DE 5 VARAS | D6: Insumos | E6: UND | F6: 0.35 | G6: 9987 | H6: 3495 | J6: Ins I986
A7: 001.054 | B7: - | C7: SUMINISTRO, TRANSPORTE E INSTALACION SEÑAL PREVENTIVA, REGLAMENTARIA E INFORMATIVA | D7: Actividad | E7: UND | I7: 257265
A8: 001.054 | B8: AB4 | C8: CONCRETO 2500 psi - 17.5 Mpa | D8: Analisis Basico | E8: M3 | F8: 0.01 | G8: 535318 | H8: 5353
A9: 001.054 | B9: C1 | C9: CUADRILLA AA TIPO 1 (1 OFICIAL + 1 AYUDANTE) (Albañileria) | D9: Cuadrilla | E9: HR | F9: 2 | G9: 37863 | H9: 75726 | J9: Ins C1
A10: 001.054 | B10: E111 | C10: FORMALETA PARA BASE DE CONCRETO | D10: Equipos | E10: UND | F10: 0.5 | G10: 5929 | H10: 2965 | J10: Ins E111
A11: 001.054 | B11: E12 | C11: EQUIPO DE TRANSPORTE | D11: Equipos | E11: DIA | F11: 0.228 | G11: 187426 | H11: 42733 | J11: Ins E12
A12: 001.054 | B12: H2 | C12: EQUIPO BASICO (HERRAMIENTA MENOR) | D12: Herramienta | E12: UND | F12: 2 | G12: 3623 | H12: 7246 | J12: Ins H2
A13: 001.054 | B13: I1565 | C13: ACARREO INTERNO | D13: Insumos | E13: UND | F13: 0.158 | G13: 1897 | H13: 300 | J13: Ins I1565
A14: 001.054 | B14: I450 | C14: ALQUILER DE SEÑAL PREVENTIVA, REGLAMENTARIA E INFORMATIVA | D14: Insumos | E14: UND | F14: 0.6 | G14: 204903 | H14: 122942 | J14: Ins I450
A15: 002.010 | B15: - | C15: EXCAVACIÓN PARA ESTRUCTURAS - MATERIAL COMÚN - 0.0 A 2.0 M | D15: Actividad | E15: M3 | I15: 62544
A16: 002.010 | B16: C1 | C16: CUADRILLA AA TIPO 1 (1 OFICIAL + 1 AYUDANTE) (Albañileria) | D16: Cuadrilla | E16: HR | F16: 1.55 | G16: 37863 | H16: 58688 | J16: Ins C1
A17: 002.010 | B17: I282 | C17: SUELO CEMENTO 10:1 | D17: Insumos | E17: M3 | F17: 0.01 | G17: 202837 | H17: 2028 | J17: Ins I282
A18: 002.010 | B18: H2 | C18: EQUIPO BASICO (HERRAMIENTA MENOR) | D18: Herramienta | E18: UND | F18: 0.4 | G18: 3623 | H18: 1449 | J18: Ins H2
A19: 002.010 | B19: I1565 | C19: ACARREO INTERNO | D19: Insumos | E19: UND | F19: 0.2 | G19: 1897 | H19: 379 | J19: Ins I1565
A20: 002.089 | B20: - | C20: RETIRO DE MATERIAL SOBRANTE EN VOLQUETA, CARGUE MANUAL, DISPOSICIÓN EN BOTADERO (HASTA 25 KM) | D20: Actividad | E20: M3-Suelto | I20: 44658
A21: 002.089 | B21: I2414 | C21: DERECHO A BOTADERO - LA NUBIA | D21: Insumos | E21: M3 | F21: 1 | G21: 9064 | H21: 9064 | J21: Ins I2414
A22: 002.089 | B22: H2 | C22: EQUIPO BASICO (HERRAMIENTA MENOR) | D22: Herramienta | E22: UND | F22: 0.1 | G22: 3623 | H22: 362 | J22: Ins H2
A23: 002.089 | B23: C44 | C23: CUADRILLA AA (2 AYUDANTES) | D23: Cuadrilla | E23: HR | F23: 0.5 | G23: 29124 | H23: 14562 | J23: Ins C44
A24: 002.089 | B24: E25 | C24: VOLQUETA SENCILLA 8M3 | D24: Equipos | E24: VJE | F24: 0.125 | G24: 165360 | H24: 20670 | J24: Ins E25
A25: 002A.018 | B25: - | C25: SUMINISTRO, TRANSPORTE E INSTALACION PEDESTALES EN CONCRETO 3000 PSI | D25: Actividad | E25: M3 | I25: 980370
A26: 002A.018 | B26: AB5 | C26: CONCRETO 3000 psi - 21 Mpa | D26: Analisis Basico | E26: M3 | F26: 1.05 | G26: 597780 | H26: 627669
A27: 002A.018 | B27: C29 | C27: CUADRILLA AA TIPO 5 (1 OFICIAL + 5 AYUDANTE) (Albañileria) | D27: Cuadrilla | E27: HR | F27: 3.2 | G27: 96111 | H27: 307555 | J27: =HYPERLINK("#"&"Insumos"&"!A"&MATCH($B27,[2]Insumos!$A:$A,0),"Ins "&$B27) -> Ins C29
A28: 002A.018 | B28: E21 | C28: VIBRADOR A GASOLINA | D28: Equipos | E28: DIA | F28: 0.11 | G28: 66212 | H28: 7283 | J28: =HYPERLINK("#"&"Insumos"&"!A"&MATCH($B28,[2]Insumos!$A:$A,0),"Ins "&$B28) -> Ins E21
A29: 002A.018 | B29: H2 | C29: EQUIPO BASICO (HERRAMIENTA MENOR) | D29: Herramienta | E29: UND | F29: 6 | G29: 3623 | H29: 21738 | J29: =HYPERLINK("#"&"Insumos"&"!A"&MATCH($B29,[2]Insumos!$A:$A,0),"Ins "&$B29) -> Ins H2
A30: 002A.018 | B30: I1565 | C30: ACARREO INTERNO | D30: Insumos | E30: UND | F30: 8.5 | G30: 1897 | H30: 16125 | J30: =HYPERLINK("#"&"Insumos"&"!A"&MATCH($B30,[2]Insumos!$A:$A,0),"Ins "&$B30) -> Ins I1565
A31: 003.011 | B31: - | C31: SUMINISTRO, TRANSPORTE E INSTALACION BAJANTE AGUAS LLUVIAS PVC 4" (INCLUYE CODO, UNION Y ACCESORIOS DE FIJACION) | D31: Actividad | E31: ML | I31: 42672
A32: 003.011 | B32: C9 | C32: CUADRILLA BB TIPO 2 (1 OFICIAL + 2 AYUDANTE) (Instalaciones) | D32: Cuadrilla | E32: HR | F32: 0.25 | G32: 57672 | H32: 14418 | J32: Ins C9
A33: 003.011 | B33: E12 | C33: EQUIPO DE TRANSPORTE | D33: Equipos | E33: DIA | F33: 0.005 | G33: 187426 | H33: 937 | J33: Ins E12
A34: 003.011 | B34: H2 | C34: EQUIPO BASICO (HERRAMIENTA MENOR) | D34: Herramienta | E34: UND | F34: 0.1 | G34: 3623 | H34: 362 | J34: Ins H2
A35: 003.011 | B35: I1565 | C35: ACARREO INTERNO | D35: Insumos | E35: UND | F35: 0.4 | G35: 1897 | H35: 759 | J35: Ins I1565
A36: 003.011 | B36: I521 | C36: ABRAZADERA EN ACERO | D36: Insumos | E36: UND | F36: 0.5 | G36: 2963 | H36: 1482 | J36: Ins I521
A37: 003.011 | B37: I576 | C37: CODO 90° 1/4 CXC SANITARIO 4'' | D37: Insumos | E37: UND | F37: 0.06 | G37: 20431 | H37: 1226 | J37: Ins I576
A38: 003.011 | B38: I614 | C38: LIMPIADOR REM PVC 760 GRMS. (1/4) | D38: Insumos | E38: UND | F38: 0.017 | G38: 64889 | H38: 1103 | J38: Ins I614
A39: 003.011 | B39: I647 | C39: SOLDADURA PVC LIQUIDA 1/4 | D39: Insumos | E39: UND | F39: 0.017 | G39: 134508 | H39: 2287 | J39: Ins I647
A40: 003.011 | B40: I751 | C40: TUBO PVC A.LL-VENTILACION 4'' | D40: Insumos | E40: M | F40: 1.03 | G40: 17663 | H40: 18193 | J40: Ins I751
A41: 003.011 | B41: I795 | C41: UNION SANITARIA 4" PVC | D41: Insumos | E41: UND | F41: 0.16 | G41: 11904 | H41: 1905 | J41: Ins I795
A42: 003.013 | B42: - | C42: SUMINISTRO, TRANSPORTE E INSTALACION PUNTO DESAGUE PVC 2" APARATOS SANITARIOS Y DESAGUES (INCLUYE CODO, YEE Y ACCESORIOS) | D42: Actividad | E42: UND | I42: 94378
A43: 003.013 | B43: C9 | C43: CUADRILLA BB TIPO 2 (1 OFICIAL + 2 AYUDANTE) (Instalaciones) | D43: Cuadrilla | E43: HR | F43: 0.9 | G43: 57672 | H43: 51905 | J43: =HYPERLINK("#"&"Insumos"&"!A"&MATCH($B43,[2]Insumos!$A:$A,0),"Ins "&$B43) -> Ins C9
A44: 003.013 | B44: E12 | C44: EQUIPO DE TRANSPORTE | D44: Equipos | E44: DIA | F44: 0.005 | G44: 187426 | H44: 937 | J44: =HYPERLINK("#"&"Insumos"&"!A"&MATCH($B44,[2]Insumos!$A:$A,0),"Ins "&$B44) -> Ins E12
A45: 003.013 | B45: H2 | C45: EQUIPO BASICO (HERRAMIENTA MENOR) | D45: Herramienta | E45: UND | F45: 0.2 | G45: 3623 | H45: 725 | J45: =HYPERLINK("#"&"Insumos"&"!A"&MATCH($B45,[2]Insumos!$A:$A,0),"Ins "&$B45) -> Ins H2
A46: 003.013 | B46: I1565 | C46: ACARREO INTERNO | D46: Insumos | E46: UND | F46: 1 | G46: 1897 | H46: 1897 | J46: =HYPERLINK("#"&"Insumos"&"!A"&MATCH($B46,[2]Insumos!$A:$A,0),"Ins "&$B46) -> Ins I1565
A47: 003.013 | B47: I574 | C47: CODO 90° 1/4 CXC SANITARIO 2'' | D47: Insumos | E47: UND | F47: 1 | G47: 5072 | H47: 5072 | J47: =HYPERLINK("#"&"Insumos"&"!A"&MATCH($B47,[2]Insumos!$A:$A,0),"Ins "&$B47) -> Ins I574
A48: 003.013 | B48: I614 | C48: LIMPIADOR REM PVC 760 GRMS. (1/4) | D48: Insumos | E48: UND | F48: 0.05 | G48: 64889 | H48: 3244 | J48: =HYPERLINK("#"&"Insumos"&"!A"&MATCH($B48,[2]Insumos!$A:$A,0),"Ins "&$B48) -> Ins I614
A49: 003.013 | B49: I647 | C49: SOLDADURA PVC LIQUIDA 1/4 | D49: Insumos | E49: UND | F49: 0.05 | G49: 134508 | H49: 6725 | J49: =HYPERLINK("#"&"Insumos"&"!A"&MATCH($B49,[2]Insumos!$A:$A,0),"Ins "&$B49) -> Ins I647
A50: 003.013 | B50: I752 | C50: TUBO PVC SANITARIO 2'' | D50: Insumos | E50: M | F50: 1.55 | G50: 8823 | H50: 13676 | J50: =HYPERLINK("#"&"Insumos"&"!A"&MATCH($B50,[2]Insumos!$A:$A,0),"Ins "&$B50) -> Ins I752
A51: 003.013 | B51: I825 | C51: YEE SANITARIA 2'' | D51: Insumos | E51: UND | F51: 1 | G51: 10197 | H51: 10197 | J51: =HYPERLINK("#"&"Insumos"&"!A"&MATCH($B51,[2]Insumos!$A:$A,0),"Ins "&$B51) -> Ins I825
A52: 003.015 | B52: - | C52: SUMINISTRO, TRANSPORTE E INSTALACION PUNTO DESAGUE PVC 4" APARATOS SANITARIOS (INCLUYE CODO, YEE Y ACCESORIOS) | D52: Actividad | E52: UND | I52: 152709
A53: 003.015 | B53: C9 | C53: CUADRILLA BB TIPO 2 (1 OFICIAL + 2 AYUDANTE) (Instalaciones) | D53: Cuadrilla | E53: HR | F53: 0.9 | G53: 57672 | H53: 51905 | J53: =HYPERLINK("#"&"Insumos"&"!A"&MATCH($B53,[2]Insumos!$A:$A,0),"Ins "&$B53) -> Ins C9
A54: 003.015 | B54: E12 | C54: EQUIPO DE TRANSPORTE | D54: Equipos | E54: DIA | F54: 0.013 | G54: 187426 | H54: 2437 | J54: =HYPERLINK("#"&"Insumos"&"!A"&MATCH($B54,[2]Insumos!$A:$A,0),"Ins "&$B54) -> Ins E12
A55: 003.015 | B55: H2 | C55: EQUIPO BASICO (HERRAMIENTA MENOR) | D55: Herramienta | E55: UND | F55: 0.2 | G55: 3623 | H55: 725 | J55: =HYPERLINK("#"&"Insumos"&"!A"&MATCH($B55,[2]Insumos!$A:$A,0),"Ins "&$B55) -> Ins H2
A56: 003.015 | B56: I1565 | C56: ACARREO INTERNO | D56: Insumos | E56: UND | F56: 0.2 | G56: 1897 | H56: 379 | J56: =HYPERLINK("#"&"Insumos"&"!A"&MATCH($B56,[2]Insumos!$A:$A,0),"Ins "&$B56) -> Ins I1565
A57: 003.015 | B57: I576 | C57: CODO 90° 1/4 CXC SANITARIO 4'' | D57: Insumos | E57: UND | F57: 1 | G57: 20431 | H57: 20431 | J57: =HYPERLINK("#"&"Insumos"&"!A"&MATCH($B57,[2]Insumos!$A:$A,0),"Ins "&$B57) -> Ins I576
A58: 003.015 | B58: I614 | C58: LIMPIADOR REM PVC 760 GRMS. (1/4) | D58: Insumos | E58: UND | F58: 0.08 | G58: 64889 | H58: 5191 | J58: =HYPERLINK("#"&"Insumos"&"!A"&MATCH($B58,[2]Insumos!$A:$A,0),"Ins "&$B58) -> Ins I614
A59: 003.015 | B59: I647 | C59: SOLDADURA PVC LIQUIDA 1/4 | D59: Insumos | E59: UND | F59: 0.08 | G59: 134508 | H59: 10761 | J59: =HYPERLINK("#"&"Insumos"&"!A"&MATCH($B59,[2]Insumos!$A:$A,0),"Ins "&$B59) -> Ins I647
A60: 003.015 | B60: I754 | C60: TUBO PVC SANITARIO 4" | D60: Insumos | E60: M | F60: 1.55 | G60: 15982 | H60: 24772 | J60: =HYPERLINK("#"&"Insumos"&"!A"&MATCH($B60,[2]Insumos!$A:$A,0),"Ins "&$B60) -> Ins I754
A61: 003.015 | B61: I827 | C61: YEE SANITARIA 4'' | D61: Insumos | E61: UND | F61: 1 | G61: 36108 | H61: 36108 | J61: =HYPERLINK("#"&"Insumos"&"!A"&MATCH($B61,[2]Insumos!$A:$A,0),"Ins "&$B61) -> Ins I827
A62: 003.106 | B62: - | C62: SUMINISTRO TRANSPORTE E INSTALACIÓN DE CARTUCHOS PUSH REF. O21121111 O SIMILAR. SE PUEDA UTILIZAR PARA PRODUCTOS DE LAVAMANOS DE MESA, ORINALES Y/O PARED ( INCLUYE DESINSTALACION DE ACCERORIOS DE PUNTOS SANITARIOS EXISTENTES) | D62: Actividad | E62: UND | I62: 231431
A63: 003.106 | B63: C2 | C63: CUADRILLA BB TIPO 1 (1 OFICIAL + 1 AYUDANTE) (Instalaciones) | D63: Cuadrilla | E63: HR | F63: 1.7 | G63: 41652 | H63: 70808 | J63: Ins C2
A64: 003.106 | B64: E12 | C64: EQUIPO DE TRANSPORTE | D64: Equipos | E64: DIA | F64: 0.005 | G64: 187426 | H64: 937 | J64: Ins E12
A65: 003.106 | B65: H2 | C65: EQUIPO BASICO (HERRAMIENTA MENOR) | D65: Herramienta | E65: UND | F65: 0.1 | G65: 3623 | H65: 362 | J65: Ins H2
A66: 003.106 | B66: I1565 | C66: ACARREO INTERNO | D66: Insumos | E66: UND | F66: 0.4 | G66: 1897 | H66: 759 | J66: Ins I1565
A67: 003.106 | B67: I1909 | C67: CARTUCHO PUSH REF. O21121111 CORONA O SIMILAR | D67: Insumos | E67: UND | F67: 1 | G67: 158565 | H67: 158565 | J67: Ins I1909
A68: 004.013 | B68: - | C68: SUMINISTRO, TRANSPORTE E INSTALACION AFIRMADO COMPACTADO PARA ESTRUCTURAS | D68: Actividad | E68: M3 | I68: 152717
A69: 004.013 | B69: C15 | C69: CUADRILLA AA TIPO 3 (1 OFICIAL + 3 AYUDANTE) (Albañileria) | D69: Cuadrilla | E69: HR | F69: 0.91625 | G69: 66987 | H69: 61377 | J69: Ins C15
A70: 004.013 | B70: E48 | C70: CANGURO | D70: Equipos | E70: DIA | F70: 0.125 | G70: 76236 | H70: 9530 | J70: Ins E48
A71: 004.013 | B71: H2 | C71: EQUIPO BASICO (HERRAMIENTA MENOR) | D71: Herramienta | E71: UND | F71: 0.02 | G71: 3623 | H71: 72 | J71: Ins H2
A72: 004.013 | B72: I1565 | C72: ACARREO INTERNO | D72: Insumos | E72: UND | F72: 0.6 | G72: 1897 | H72: 1138 | J72: Ins I1565
A73: 004.013 | B73: I50 | C73: AFIRMADO (Incluye transporte) | D73: Insumos | E73: M3 | F73: 1.3 | G73: 62000 | H73: 80600 | J73: Ins I50
A74: 005.011 | B74: - | C74: SUMINISTRO, TRANSPORTE E INSTALACION PLACA CONTRAPISO CONCRETO 3000 PSI E=0.10 M | D74: Actividad | E74: M2 | I74: 121157
A75: 005.011 | B75: AB5 | C75: CONCRETO 3000 psi - 21 Mpa | D75: Analisis Basico | E75: M3 | F75: 0.103 | G75: 597780 | H75: 61571
A76: 005.011 | B76: C36 | C76: CUADRILLA AA TIPO 6 (1 OFICIAL + 6 AYUDANTE) (Albañileria) | D76: Cuadrilla | E76: HR | F76: 0.4 | G76: 110673 | H76: 44269 | J76: Ins C36
A77: 005.011 | B77: E12 | C77: EQUIPO DE TRANSPORTE | D77: Equipos | E77: DIA | F77: 0.0075 | G77: 187426 | H77: 1406 | J77: Ins E12
A78: 005.011 | B78: E21 | C78: VIBRADOR A GASOLINA | D78: Equipos | E78: DIA | F78: 0.007 | G78: 66212 | H78: 463 | J78: Ins E21
A79: 005.011 | B79: H2 | C79: EQUIPO BASICO (HERRAMIENTA MENOR) | D79: Herramienta | E79: UND | F79: 0.03 | G79: 3623 | H79: 109 | J79: Ins H2
A80: 005.011 | B80: I1565 | C80: ACARREO INTERNO | D80: Insumos | E80: UND | F80: 1.1 | G80: 1897 | H80: 2087 | J80: Ins I1565
A81: 005.011 | B81: I425 | C81: PUNTILLA CON CABEZA 2" | D81: Insumos | E81: LB | F81: 0.03 | G81: 5304 | H81: 159 | J81: Ins I425
A82: 005.011 | B82: I957 | C82: LISTON 2 X 4 | D82: Insumos | E82: M | F82: 1 | G82: 4634 | H82: 4634 | J82: Ins I957
A83: 005.011 | B83: I979 | C83: TABLA CHAPA ORDINARIO 30 CM X 2 CM X 3 M. | D83: Insumos | E83: UND | F83: 0.33 | G83: 19574 | H83: 6459 | J83: Ins I979
A84: 005.049 | B84: - | C84: SUMINISTRO, TRANSPORTE E INSTALACION MESON EN CONCRETO 3000 PSI E=0,07 M ANCHO=0,60M( INCLUYE REFUERZO, ACERO NO. 3 EN AMBAS DIRECCIONES @ 0,15M, MURO EN LADRILLO Y REVOQUE) | D84: Actividad | E84: ML | I84: 236694
A85: 005.049 | B85: AB20 | C85: MORTERO 1:3 | D85: Analisis Basico | E85: M3 | F85: 0.096 | G85: 531559 | H85: 51030
A86: 005.049 | B86: AB5 | C86: CONCRETO 3000 psi - 21 Mpa | D86: Analisis Basico | E86: M3 | F86: 0.07 | G86: 597780 | H86: 41845
A87: 005.049 | B87: C8 | C87: CUADRILLA AA TIPO 2 (1 OFICIAL + 2 AYUDANTE) (Albañileria) | D87: Cuadrilla | E87: HR | F87: 1.1 | G87: 52425 | H87: 57668 | J87: =HYPERLINK("#"&"Insumos"&"!A"&MATCH($B87,[2]Insumos!$A:$A,0),"Ins "&$B87) -> Ins C8
A88: 005.049 | B88: E12 | C88: EQUIPO DE TRANSPORTE | D88: Equipos | E88: DIA | F88: 0.01 | G88: 187426 | H88: 1874 | J88: =HYPERLINK("#"&"Insumos"&"!A"&MATCH($B88,[2]Insumos!$A:$A,0),"Ins "&$B88) -> Ins E12
A89: 005.049 | B89: E21 | C89: VIBRADOR A GASOLINA | D89: Equipos | E89: DIA | F89: 0.007 | G89: 66212 | H89: 463 | J89: =HYPERLINK("#"&"Insumos"&"!A"&MATCH($B89,[2]Insumos!$A:$A,0),"Ins "&$B89) -> Ins E21
A90: 005.049 | B90: H2 | C90: EQUIPO BASICO (HERRAMIENTA MENOR) | D90: Herramienta | E90: UND | F90: 0.5 | G90: 3623 | H90: 1812 | J90: =HYPERLINK("#"&"Insumos"&"!A"&MATCH($B90,[2]Insumos!$A:$A,0),"Ins "&$B90) -> Ins H2
A91: 005.049 | B91: I1565 | C91: ACARREO INTERNO | D91: Insumos | E91: UND | F91: 1.4 | G91: 1897 | H91: 2656 | J91: =HYPERLINK("#"&"Insumos"&"!A"&MATCH($B91,[2]Insumos!$A:$A,0),"Ins "&$B91) -> Ins I1565
A92: 005.049 | B92: I1628 | C92: LADRILLO FAROL RAYADO DE 0,12X0,20X0,30M | D92: Insumos | E92: UND | F92: 19.2 | G92: 1456 | H92: 27955 | J92: =HYPERLINK("#"&"Insumos"&"!A"&MATCH($B92,[2]Insumos!$A:$A,0),"Ins "&$B92) -> Ins I1628
A93: 005.049 | B93: I2 | C93: ACERO 60.000 PSI | D93: Insumos | E93: KG | F93: 5.7 | G93: 4423 | H93: 25211 | J93: =HYPERLINK("#"&"Insumos"&"!A"&MATCH($B93,[2]Insumos!$A:$A,0),"Ins "&$B93) -> Ins I2
A94: 005.049 | B94: I3 | C94: ALAMBRE NEGRO NO. 18 | D94: Insumos | E94: KG | F94: 0.2 | G94: 6176 | H94: 1235 | J94: =HYPERLINK("#"&"Insumos"&"!A"&MATCH($B94,[2]Insumos!$A:$A,0),"Ins "&$B94) -> Ins I3
A95: 005.049 | B95: I425 | C95: PUNTILLA CON CABEZA 2" | D95: Insumos | E95: LB | F95: 0.03 | G95: 5304 | H95: 159 | J95: =HYPERLINK("#"&"Insumos"&"!A"&MATCH($B95,[2]Insumos!$A:$A,0),"Ins "&$B95) -> Ins I425
A96: 005.049 | B96: I957 | C96: LISTON 2 X 4 | D96: Insumos | E96: M | F96: 1 | G96: 4634 | H96: 4634 | J96: =HYPERLINK("#"&"Insumos"&"!A"&MATCH($B96,[2]Insumos!$A:$A,0),"Ins "&$B96) -> Ins I957
A97: 005.049 | B97: I990 | C97: TABLA 1"X10"X3M | D97: Insumos | E97: UND | F97: 1.33 | G97: 15152 | H97: 20152 | J97: =HYPERLINK("#"&"Insumos"&"!A"&MATCH($B97,[2]Insumos!$A:$A,0),"Ins "&$B97) -> Ins I990
A98: 005.073 | B98: - | C98: SUMINISTRO, TRANSPORTE E INSTALACION ESTRUCTURA METÁLICA EN PERFIL LÁMINA DELGADA PHR ASTM A500 GRADO 50. CALIBRE SEGÚN DISEÑO (INCLUYE VIGAS, CERCHAS, CORREAS, ANTICORROSIVO Y ESMALTE) | D98: Actividad | E98: KG | I98: 21077
A99: 005.073 | B99: C18 | C99: CUADRILLA DD TIPO 3 (1 OFICIAL + 3 AYUDANTE) (Carpinteria) | D99: Cuadrilla | E99: HR | F99: 0.083 | G99: 74500 | H99: 6184 | J99: =HYPERLINK("#"&"Insumos"&"!A"&MATCH($B99,[2]Insumos!$A:$A,0),"Ins "&$B99) -> Ins C18
A100: 005.073 | B100: E135 | C100: ANDAMIO METALICO CERTIFICADO, INCLUYE ESCALERILLA CON BARANDAS Y PLATAFORMAS DE TRABAJO H=6.0M 1.40X1.40 | D100: Equipos | E100: Un-Dia | F100: 0.05 | G100: 31485 | H100: 1574 | J100: =HYPERLINK("#"&"Insumos"&"!A"&MATCH($B100,[2]Insumos!$A:$A,0),"Ins "&$B100) -> Ins E135
...

Sheet Analisis AU (2)
A1: ANALISIS DEL AIU
A3: Valor estimado de la Obra (Costo Directo). | D3: Valor | E3: 697456398
A4: Plazo estimado de ejecución. | D4: Meses | E4: 4
A6: CAPITULO | B6: TIPO DE GASTO | C6: UN | D6: CANTIDAD. | E6: DEDICACION | F6: VLOR UNITARIO (mes) | G6: FACTOR PRESTACIONAL O FACTOR AIU (PARA INDIRECTOS) | H6: VALOR TOTAL | I6: SUMA | J6: PORCENTAJE
A7: 1 | B7: GASTOS GENERALES. | J7: =+J8 -> 0.11146515
A8: 1.1 | B8: MANO DE OBRA Y GASTOS DE OFICINA | I8: =SUM(H9:H13) -> 77742080 | J8: =+I8/$E$3 -> 0.11146515
B9: Ingeniero Residente | C9: Un | D9: 1 | E9: 1 | F9: 4500000 | G9: 0.6556 | H9: =+D9*E9*$E$4*F9*(1+G9) -> 29800800 | J9: =+H9/$E$3 -> 0.042727832
B10: Maestro de Obra | C10: Un | D10: 1 | E10: 1 | F10: 3600000 | G10: 0.6556 | H10: =+D10*E10*$E$4*F10*(1+G10) -> 23840640 | J10: =+H10/$E$3 -> 0.034182266
B11: Residente de Salud Ocupacional | C11: Un | D11: 1 | E11: 1 | F11: 3600000 | G11: 0.6556 | H11: =+D11*E11*$E$4*F11*(1+G11) -> 23840640 | J11: =+H11/$E$3 -> 0.034182266
B12: Costos financiero | C12: Mes | D12: =+$E$4 -> 4 | E12: 1 | F12: 65000 | H12: =+D12*E12*F12*(1+G12) -> 260000 | J12: =+H12/$E$3 -> 0.00037278316
J13: =+H13/$E$3 -> 0
A14: 2 | B14: GASTOS INDIRECTOS. | J14: =+J15+J17+J28+J24 -> 0.2115667
A15: 2.1 | B15: LEGALIZACION. | I15: =SUM(H16:H16) -> 0 | J15: =+I15/$E$3 -> 0
B16: AIU ITERACION | G16: 1.383 | H16: =+F16*D16*G16 -> 0
A17: 2.2 | B17: POLIZAS | I17: =SUM(H18:H22) -> 8562667.5 | J17: =+I17/$E$3 -> 0.012276993
B18: Anticipo | C18: % | D18: 0.0006 | E18: 0.2 | F18: =+$E$3*E18 -> 1.3949128e+08 | G18: =+$G$16 -> 1.383 | H18: =+(((F18*G18*D18)/365)*($E$4*30+120))*1.19 -> 90570.304 | J18: =+H18/$E$3 -> 0.00012985802
B19: Cumplimiento | C19: % | D19: 0.0006 | F19: =+$E$3 -> 697456398 | G19: =+$G$16 -> 1.383 | H19: =+(((F19*G19*D19)/365)*($E$4*30+120))*1.19 -> 452851.52 | J19: =+H19/$E$3 -> 0.00064929008
B20: Estabilidad | C20: % | D20: 0.0009 | F20: =+$E$3 -> 697456398 | G20: =+$G$16 -> 1.383 | H20: =+(((F20*G20*D20)/365)*(1825))*1.19 -> 5165337.7 | J20: =+H20/$E$3 -> 0.007405965
B21: Prestaciones Sociales | C21: % | D21: 0.0005 | F21: =+$E$3 -> 697456398 | G21: =+$G$16 -> 1.383 | H21: =+(((F21*G21*D21)/365)*($E$4*30+1095))*1.19 -> 1910467.4 | J21: =+H21/$E$3 -> 0.0027391925
B22: Responsabilidad Civil | C22: % | D22: 0.0025 | F22: =+$E$3 -> 697456398 | G22: =+$G$16 -> 1.383 | H22: =+(((F22*G22*D22)/365)*($E$4*30+0))*1.19 -> 943440.67 | J22: =+H22/$E$3 -> 0.0013526877
A24: 2.3 | B24: VALLAS Y SEÑALIZACION | I24: =SUM(H25:H27) -> 1350000 | J24: =+I24/$E$3 -> 0.0019356049
B25: Vallas incluye estructura de fijacion | C25: M2 | D25: 3 | E25: 450000 | F25: =E25*D25 -> 1350000 | H25: =+F25 -> 1350000 | J25: =+H25/$E$3 -> 0.0019356049
H26: =+F26*D26 -> 0 | J26: =+H26/$E$3 -> 0
A28: 2.4 | B28: IMPUESTOS Y CONTRIBUCIONES | I28: =SUM(H29:H36) -> 1.3764588e+08 | J28: =+I28/$E$3 -> 0.1973541
B29: Contribuación Especial | C29: % | D29: 0.05 | F29: =+$E$3 -> 697456398 | G29: =+$G$16 -> 1.383 | H29: =+F29*D29*G29 -> 48229110 | J29: =+H29/$E$3 -> 0.06915
B30: Estampillas para el bienestar del adulto mayor | C30: % | D30: 0.02 | F30: =+$E$3 -> 697456398 | G30: =+$G$16 -> 1.383 | H30: =+F30*D30*G30 -> 19291644 | J30: =+H30/$E$3 -> 0.02766
B31: Estampillas Pro - Universidades. | C31: % | D31: 0.02 | F31: =+$E$3 -> 697456398 | G31: =+$G$16 -> 1.383 | H31: =+F31*D31*G31 -> 19291644 | J31: =+H31/$E$3 -> 0.02766
B32: Estampilla pro cultura | C32: % | D32: 0.02 | F32: =+$E$3 -> 697456398 | G32: =+$G$16 -> 1.383 | H32: =+F32*D32*G32 -> 19291644 | J32: =+H32/$E$3 -> 0.02766
B33: Estampilla pro justicia familiar | C33: % | D33: 0.02 | F33: =+$E$3 -> 697456398 | G33: =+$G$16 -> 1.383 | H33: =+F33*D33*G33 -> 19291644 | J33: =+H33/$E$3 -> 0.02766
B34: Gasto bancarios4x1000 y retiros | C34: % | D34: 0.004 | F34: =+$E$3 -> 697456398 | G34: =+$G$16 -> 1.383 | H34: =+F34*D34*G34 -> 3858328.8 | J34: =+H34/$E$3 -> 0.005532
B35: Industria y Comercio 3,7 x 1.000 sobre valor total | C35: % | D35: 0.0037 | F35: =+$E$3 -> 697456398 | G35: =+$G$16 -> 1.383 | H35: =+F35*D35*G35 -> 3568954.1 | J35: =+H35/$E$3 -> 0.0051171
B36: Tasa pro deporte y recreación | C36: % | D36: 0.005 | F36: =+$E$3 -> 697456398 | G36: =+$G$16 -> 1.383 | H36: =+F36*D36*G36 -> 4822911 | J36: =+H36/$E$3 -> 0.006915
B37: TOTAL GASTOS INDIRECTOS DE ADMINISTRACION. | I37: =SUM(I8:I36) -> 2.2530063e+08 | J37: =SUM(J7:J36)/3 -> 0.32303185
B38: UTILIDAD: | J38: 0.06
B39: A.U. | J39: =SUM(J37:J38) -> 0.38303185
I41: NO MOVER | J41: =1+J39 -> 1.3830318

Sheet PROPUESTA ECONÓMICA(Proponente)
C3: Formulario 1 - Propuesta económica - Documento tipo de obra pública - versión 3
C4: Código | D4: CCE-EICP-FM-14
C5: FORMULARIO 1
C6: PRESUPUESTO OFICIAL
C7: [La entidad puede utilizar este formulario de detalle del presupuesto oficial para determinar las condiciones bajo las cuales los proponentes analizarán y presentarán su propuesta económica de forma detallada, sin perjuicio que la entidad pueda modificarlo o establecer la presentación de la oferta económica con un formulario distinto al indicado.]
C9: Adicionalmente, cuando el proceso de contratación es estructurado por precios unitarios, la Entidad debe aplicar las notas 1, 2 y 3 del presente formulario y las casillas de "Descripción", "Porcentaje" de la Administración, Utilidad y total A.U. resaltadas en color amarillo. Tratándose de otras modalidades de precio, la Entidad puede o no configurar los mismos aspectos.
C11: MEJORAMIENTO DE LA PLANTA FÍSICA DEL ESTABLECIMIENTO EDUCATIVO OFICIAL: PRESUPUESTO OBRA CIVIL -INSTITUCION EDUCATIVA LEON DE GREIFF SEDE PRINCIPAL
C12: Nº | D12: ITEM DE PAGO | E12: DESCRIPCION | F12: UND. | G12: CANTIDAD | H12: VALOR UNITARIO | I12: VALOR TOTAL
E14: PRELIMINARES
C15: 1 | D15: 001.049 | E15: =VLOOKUP(D15,[1]Actividades!$A$36:$E$3249,2,FALSE) -> SUMINISTRO, TRANSPORTE E INSTALACIÓN CERRAMIENTO EN YUTE H= 2 M | F15: =VLOOKUP(D15,[1]Actividades!$A$36:$E$3256,4,FALSE) -> ML | G15: 80 | I15: =ROUND(H15*G15,0) -> 0
C16: 2 | D16: 001.054 | E16: =VLOOKUP(D16,[1]Actividades!$A$36:$E$3249,2,FALSE) -> SUMINISTRO, TRANSPORTE E INSTALACION SEÑAL PREVENTIVA, REGLAMENTARIA E INFORMATIVA | F16: =VLOOKUP(D16,[1]Actividades!$A$36:$E$3256,4,FALSE) -> UND | G16: 3 | I16: =ROUND(H16*G16,0) -> 0
C17: Subtotal | I17: =SUM(I15:I16) -> 0
E18: MOVIMIENTO DE TIERRAS
C19: 3 | D19: 002.010 | E19: =VLOOKUP(D19,[1]Actividades!$A$36:$E$3249,2,FALSE) -> EXCAVACIÓN PARA ESTRUCTURAS - MATERIAL COMÚN - 0.0 A 2.0 M | F19: =VLOOKUP(D19,[1]Actividades!$A$36:$E$3256,4,FALSE) -> M3 | G19: 48 | I19: =G19*H19 -> 0
C20: 4 | D20: 002.089 | E20: =VLOOKUP(D20,[1]Actividades!$A$36:$E$3249,2,FALSE) -> RETIRO DE MATERIAL SOBRANTE EN VOLQUETA, CARGUE MANUAL, DISPOSICIÓN EN BOTADERO (HASTA 25 KM) | F20: =VLOOKUP(D20,[1]Actividades!$A$36:$E$3256,4,FALSE) -> M3-Suelto | G20: 80 | I20: =G20*H20 -> 0
C21: Subtotal | I21: =SUM(I18:I20) -> 0
E22: CIMIENTOS
C23: 5 | D23: 002A.018 | E23: =VLOOKUP(D23,[1]Actividades!$A$36:$E$3249,2,FALSE) -> SUMINISTRO, TRANSPORTE E INSTALACION PEDESTALES EN CONCRETO 3000 PSI | F23: =VLOOKUP(D23,[1]Actividades!$A$36:$E$3256,4,FALSE) -> M3 | G23: 2 | I23: =G23*H23 -> 0
C24: Subtotal | I24: =SUM(I22:I23) -> 0
E25: DESAGUES E INSTALACIONES SANITARIAS
C26: 6 | D26: 003.011 | E26: =VLOOKUP(D26,[1]Actividades!$A$36:$E$3249,2,FALSE) -> SUMINISTRO, TRANSPORTE E INSTALACION BAJANTE AGUAS LLUVIAS PVC 4" (INCLUYE CODO, UNION Y ACCESORIOS DE FIJACION) | F26: =VLOOKUP(D26,[1]Actividades!$A$36:$E$3256,4,FALSE) -> ML | G26: 100 | I26: =G26*H26 -> 0
C27: Subtotal | I27: =SUM(I25:I26) -> 0
E28: PISOS BASES RELLENOS
C29: 7 | D29: 004.013 | E29: =VLOOKUP(D29,[1]Actividades!$A$36:$E$3249,2,FALSE) -> SUMINISTRO, TRANSPORTE E INSTALACION AFIRMADO COMPACTADO PARA ESTRUCTURAS | F29: =VLOOKUP(D29,[1]Actividades!$A$36:$E$3256,4,FALSE) -> M3 | G29: 47 | I29: =G29*H29 -> 0
C30: Subtotal | I30: =SUM(I28:I29) -> 0
E31: ESTRUCTURAS EN CONCRETO, METALICAS Y DE MADERA
C32: 8 | D32: 005.011 | E32: =VLOOKUP(D32,[1]Actividades!$A$36:$E$3249,2,FALSE) -> SUMINISTRO, TRANSPORTE E INSTALACION PLACA CONTRAPISO CONCRETO 3000 PSI E=0.10 M | F32: =VLOOKUP(D32,[1]Actividades!$A$36:$E$3256,4,FALSE) -> M2 | G32: 166 | I32: =G32*H32 -> 0
C33: 9 | D33: 005.049 | E33: =VLOOKUP(D33,[1]Actividades!$A$36:$E$3249,2,FALSE) -> SUMINISTRO, TRANSPORTE E INSTALACION MESON EN CONCRETO 3000 PSI E=0,07 M ANCHO=0,60M( INCLUYE REFUERZO, ACERO NO. 3 EN AMBAS DIRECCIONES @ 0,15M, MURO EN LADRILLO Y REVOQUE) | F33: =VLOOKUP(D33,[1]Actividades!$A$36:$E$3256,4,FALSE) -> ML | G33: 2 | I33: =G33*H33 -> 0
C34: 10 | D34: 005.073 | E34: =VLOOKUP(D34,[1]Actividades!$A$36:$E$3249,2,FALSE) -> SUMINISTRO, TRANSPORTE E INSTALACION ESTRUCTURA METÁLICA EN PERFIL LÁMINA DELGADA PHR ASTM A500 GRADO 50. CALIBRE SEGÚN DISEÑO (INCLUYE VIGAS, CERCHAS, CORREAS, ANTICORROSIVO Y ESMALTE) | F34: =VLOOKUP(D34,[1]Actividades!$A$36:$E$3256,4,FALSE) -> KG | G34: 580 | I34: =G34*H34 -> 0
C35: Subtotal | I35: =SUM(I32:I34) -> 0
E36: INSTALACIONES ELECTRICAS - REDES INTERNAS
C37: 12 | D37: 08B.112 | E37: =VLOOKUP(D37,[1]Actividades!$A$36:$E$3249,2,FALSE) -> SUMINISTRO E INSTALACION DE TABLERO DE 8 CIRCUITOS 2F4H, CON PUERTA. BARRAJE PARA 200A BARRA NEUTRO Y BARRA TIERRA CALIDAD LEGRAND, SIEMENS, SQARED O SUPERIOR DE MARCA RECONOCIDA Y HOMOLOGADA POR EL CIDET | F37: =VLOOKUP(D37,[1]Actividades!$A$36:$E$3256,4,FALSE) -> UND | G37: 1 | I37: =G37*H37 -> 0
C38: 13 | D38: 08B.493 | E38: =VLOOKUP(D38,[1]Actividades!$A$36:$E$3249,2,FALSE) -> SUMINISTRO, TRANSPORTE E INSTALACION SALIDA ILUMINACION EN TUBERIA CONDUIT PVC SCH40 3/4", CABLE N° 12 AWG | F38: =VLOOKUP(D38,[1]Actividades!$A$36:$E$3256,4,FALSE) -> UND | G38: 75 | I38: =G38*H38 -> 0
C39: 14 | D39: 08B.176 | E39: =VLOOKUP(D39,[1]Actividades!$A$36:$E$3249,2,FALSE) -> SUMINISTRO, TRANSPORTE E INSTALACION SALIDA TOMACORRIENTE NORMAL DOBLE PT EN TUBERIA CONDUIT EMT 3/4", ALAMBRE NO 12 AWG | F39: =VLOOKUP(D39,[1]Actividades!$A$36:$E$3256,4,FALSE) -> UND | G39: 45 | I39: =G39*H39 -> 0
C40: 15 | D40: 08B.179 | E40: =VLOOKUP(D40,[1]Actividades!$A$36:$E$3249,2,FALSE) -> SUMINISTRO, TRANSPORTE E INSTALACION SALIDA TOMACORRIENTE GFCI DOBLE EN TUBERIA CONDUIT EMT 3/4", ALAMBRE NO 12 AWG | F40: =VLOOKUP(D40,[1]Actividades!$A$36:$E$3256,4,FALSE) -> UND | G40: 6 | I40: =G40*H40 -> 0
C41: 16 | D41: 08B.197 | E41: =VLOOKUP(D41,[1]Actividades!$A$36:$E$3249,2,FALSE) -> SUMINISTRO, TRANSPORTE E INSTALACION SALIDA INTERRUPTOR SENCILLO EN TUBERIA CONDUIT EMT 3/4", ALAMBRE NO 12 AWG. | F41: =VLOOKUP(D41,[1]Actividades!$A$36:$E$3256,4,FALSE) -> UND | G41: 35 | I41: =G41*H41 -> 0
C42: 17 | D42: 08B.266 | E42: =VLOOKUP(D42,[1]Actividades!$A$36:$E$3249,2,FALSE) -> SUMINISTRO, TRANSPORTE E INSTALACION LUMINARIA PANEL LED DE INCRUSTAR-REF. 9PULG-24W TIPO PALNETA O SIMILAR | F42: =VLOOKUP(D42,[1]Actividades!$A$36:$E$3256,4,FALSE) -> UND | G42: 8 | I42: =G42*H42 -> 0
C43: 18 | D43: 08B.278 | E43: =VLOOKUP(D43,[1]Actividades!$A$36:$E$3249,2,FALSE) -> SUMINISTRO E INSTALACION DE BREAKER 1X20 A | F43: =VLOOKUP(D43,[1]Actividades!$A$36:$E$3256,4,FALSE) -> UND | G43: 8 | I43: =G43*H43 -> 0
C44: 19 | D44: 08B.456 | E44: =VLOOKUP(D44,[1]Actividades!$A$36:$E$3249,2,FALSE) -> SUMINISTRO, TRANSPORTE E INSTALACIÓN LUMINARIA HERMETICA 36W - SYLVANIA O SIMILAR | F44: =VLOOKUP(D44,[1]Actividades!$A$36:$E$3256,4,FALSE) -> UND | G44: 6 | I44: =G44*H44 -> 0
C45: 20 | D45: 08B.838 | E45: =VLOOKUP(D45,[1]Actividades!$A$36:$E$3249,2,FALSE) -> SUMINISTRO, TRANSPORTE E INSTALACION DE RED ELECTRICA EN 3 # 12 THHN (NO INCLUYE DUCTO) | F45: =VLOOKUP(D45,[1]Actividades!$A$36:$E$3256,4,FALSE) -> ML | G45: 90 | I45: =G45*H45 -> 0
C46: 21 | D46: 08B.841 | E46: =VLOOKUP(D46,[1]Actividades!$A$36:$E$3249,2,FALSE) -> DESMONTE DE LA RED ELÉCTRICA EXISTENTE, INCLUYENDO RETIRO DE TUBERÍAS, LUMINARIAS, TOMACORRIENTES, INTERRUPTORES Y TABLEROS DE DISTRIBUCIÓN Y DISPOSICIÓN FINAL SEGÚN NORMATIVAS VIGENTES. IDENTIFICACIÓN Y SEPARACIÓN DE ELEMENTOS REUTILIZABLES O DESECHABLES. MANEJO Y DISPOSICIÓN DE RESIDUOS ELÉCTRICOS CONFORME A NORMATIVAS AMBIENTALES. (MEDIDO EN M2 EN PLANTA DE EDIFICACIÓN) | F46: =VLOOKUP(D46,[1]Actividades!$A$36:$E$3256,4,FALSE) -> M2 | G46: 500 | I46: =G46*H46 -> 0
C47: 22 | D47: 08B.843 | E47: =VLOOKUP(D47,[1]Actividades!$A$36:$E$3249,2,FALSE) -> SUMINISTRO, TRANSPORTE E INSTALACION DE LUMINARIA PANEL LED RECTANGULAR DE 40W DE INCRUSTAR | F47: =VLOOKUP(D47,[1]Actividades!$A$36:$E$3256,4,FALSE) -> UND | G47: 12 | I47: =G47*H47 -> 0
C48: 23 | D48: 08B.969 | E48: =VLOOKUP(D48,[1]Actividades!$A$36:$E$3249,2,FALSE) -> SUMINISTRO E INSTALACIÓN PANEL LED 60X60 CMS, 40W DE INCRUSTAR, 4000K, TIPO P27930 Ó SIMILAR | F48: =VLOOKUP(D48,[1]Actividades!$A$36:$E$3256,4,FALSE) -> UND | G48: 55 | I48: =G48*H48 -> 0
C49: 24 | D49: 08B.559 | E49: =VLOOKUP(D49,[1]Actividades!$A$36:$E$3249,2,FALSE) -> SUMINISTRO E INSTALACIÓN CAJA DE PASO RAWELT 4X4" | F49: =VLOOKUP(D49,[1]Actividades!$A$36:$E$3256,4,FALSE) -> UND | G49: 27 | I49: =G49*H49 -> 0
C50: Subtotal | I50: =SUM(I37:I49) -> 0
E51: REVOQUES Y RESANES
C52: 25 | D52: 009.001 | E52: =VLOOKUP(D52,[1]Actividades!$A$36:$E$3249,2,FALSE) -> SUMINISTRO,TRANSPORTE E INSTALACION REVOQUE LISO MUROS 1:3 INTERIOR ( INCLUYE FILOS Y DILATACIONES ) | F52: =VLOOKUP(D52,[1]Actividades!$A$36:$E$3256,4,FALSE) -> M2 | G52: 23 | I52: =G52*H52 -> 0
C53: Subtotal | I53: =SUM(I52:I52) -> 0
E54: CUBIERTAS
C55: 26 | D55: 010.019 | E55: =VLOOKUP(D55,[1]Actividades!$A$36:$E$3249,2,FALSE) -> SUMINISTRO, TRANSPORTE E INSTALACION CANAL EN LAMINA GALVANIZADA CAL .22 D/ 0.60 M. (SUMINISTRO E INSTALACIÓN CON WASH PRIMER + ESMALTE + ANCLAJE A MURO + SILICONA) | F55: =VLOOKUP(D55,[1]Actividades!$A$36:$E$3256,4,FALSE) -> ML | G55: 45 | I55: =G55*H55 -> 0
C56: 27 | D56: 010.026 | E56: =VLOOKUP(D56,[1]Actividades!$A$36:$E$3249,2,FALSE) -> RECORRIDO DE CUBIERTA (INC. GANCHOS, AMARRAS Y SIKAFLEX) | F56: =VLOOKUP(D56,[1]Actividades!$A$36:$E$3256,4,FALSE) -> M2 | G56: 306 | I56: =G56*H56 -> 0
C57: Subtotal | I57: =SUM(I55:I56) -> 0
E58: CIELO RASOS
C59: 28 | D59: 011.018 | E59: =VLOOKUP(D59,[1]Actividades!$A$36:$E$3249,2,FALSE) -> SUMINISTRO, TRANSPORTE E INSTALACIÓN A TODO COSTO DE CIELO RASO EN SUPERBOARD 4 MM TEXTURIZADO MODULADO 0,60 X 0,60 PINTADO Y TERMINADO. INCLUYE PERFILERÍA, ANCLAJES Y TODO LO NECESARIO PARA SU CORRECTA INSTALACIÓN | F59: =VLOOKUP(D59,[1]Actividades!$A$36:$E$3256,4,FALSE) -> M2 | G59: 470 | I59: =G59*H59 -> 0
C60: Subtotal | I60: =SUM(I59:I59) -> 0
E61: PISOS-ACABADOS
C62: 29 | D62: 012.006 | E62: =VLOOKUP(D62,[1]Actividades!$A$36:$E$3249,2,FALSE) -> SUMINISTRO, TRANSPORTE E INSTALACION CERAMICA PISO POMPEI TIPO ALFA O SIMILAR. COLOR CORAL O SHELL SEGÚN DISEÑO. INCLUYE MORTERO DE PEGA Y/O NIVELACIÓN | F62: =VLOOKUP(D62,[1]Actividades!$A$36:$E$3256,4,FALSE) -> M2 | G62: 32 | I62: =G62*H62 -> 0
C63: 30 | D63: 012.036 | E63: =VLOOKUP(D63,[1]Actividades!$A$36:$E$3249,2,FALSE) -> SUMINISTRO, TRANSPORTE E INSTALACION GUARDAESCOBA RECTO BALDOSA GRANO DE MARMOL P5 PAYANDE 30 X 7.2 CM. TIPO ALFA O SIMILAR. FONDO BLANCO (INCLUYE BOQUILLA.) | F63: =VLOOKUP(D63,[1]Actividades!$A$36:$E$3256,4,FALSE) -> ML | G63: 150 | I63: =G63*H63 -> 0
C64: 31 | D64: 012.065 | E64: =VLOOKUP(D64,[1]Actividades!$A$36:$E$3249,2,FALSE) -> SUMINISTRO, TRANSPORTE E INSTALACION PISOS EN TABLILLA DE ZAPAN Y VIGUETA DE CHANUL | F64: =VLOOKUP(D64,[1]Actividades!$A$36:$E$3256,4,FALSE) -> M2 | G64: 280 | I64: =G64*H64 -> 0
C65: 32 | D65: 012.077 | E65: =VLOOKUP(D65,[1]Actividades!$A$36:$E$3249,2,FALSE) -> SUMINISTRO, TRANSPORTE E INSTALACION BALDOSA GRANO TRADICIONAL PAYANDE TERRAZO. TIPO ALFA O SIMILAR. FONDO BLANCO (INCLUYE DESTRONCADA, PULIDA, BRILLADA, MORTERO DE NIVELACIÓN Y DILATACIÓN EN PVC.) | F65: =VLOOKUP(D65,[1]Actividades!$A$36:$E$3256,4,FALSE) -> M2 | G65: 180 | I65: =G65*H65 -> 0
C66: Subtotal | I66: =SUM(I62:I65) -> 0
E67: ENCHAPES Y ACCESORIOS
C68: 33 | D68: 013.004 | E68: =VLOOKUP(D68,[1]Actividades!$A$36:$E$3249,2,FALSE) -> SUMINISTRO, TRANSPORTE E INSTALACION CERAMICA PARED STONE TIPO ALFA O SIMILAR. COLOR BLANCO O CAFÉ SEGÚN DISEÑO (INCLUYE BOQUILLA COLOR Y WIN.) | F68: =VLOOKUP(D68,[1]Actividades!$A$36:$E$3256,4,FALSE) -> M2 | G68: 55 | I68: =G68*H68 -> 0
C69: Subtotal | I69: =SUM(I68:I68) -> 0
E70: APARATOS SANITARIOS
C71: 34 | D71: 015.006 | E71: =VLOOKUP(D71,[1]Actividades!$A$36:$E$3249,2,FALSE) -> SUMINISTRO, TRANSPORTE E INSTALACION SANITARIO INSTITUCIONAL BAJO CONSUMO ENTRADA POSTERIOR GRIFERIA ANTIVANDALICA. TAZA BÁLTICA CORONA O SIMILAR. CUMPLE MOVILIDAD REDUCIDA | F71: =VLOOKUP(D71,[1]Actividades!$A$36:$E$3256,4,FALSE) -> UND | G71: 3 | I71: =G71*H71 -> 0
C72: 35 | D72: 015.013 | E72: =VLOOKUP(D72,[1]Actividades!$A$36:$E$3249,2,FALSE) -> SUMINISTRO, TRANSPORTE E INSTALACION LAVAMANOS SOBREPONER LINEA MARSELLA COLOR BLANCO CORONA O SIMILAR. (INCLUYE GRIFERIA, DESAGÜE AUTOMATICO, SIFÓN BOTELLA, ACOPLE). | F72: =VLOOKUP(D72,[1]Actividades!$A$36:$E$3256,4,FALSE) -> UND | G72: 2 | I72: =G72*H72 -> 0
C73: Subtotal | I73: =SUM(I71:I72) -> 0
E74: CARPINTERÍA EN MADERA
C75: 36 | D75: 016.049 | E75: SUMINISTRO TRANSPORTE E INSTALACIÓN DE VIGAS DE ENTREPISO DE HASTA 3 METROS DE LONGITUD EMPLEANDO MADERA ESTRUCTURAL CHANUL SECCIÓN 0,12X0,04 M. INCLUYE INMUNIZACIÓN DE LA MADERA | F75: UND | G75: 12 | I75: =G75*H75 -> 0
C76: Subtotal | I76: =SUM(I75:I75) -> 0
E77: PINTURA
C78: 37 | D78: 019.043 | E78: =VLOOKUP(D78,[1]Actividades!$A$36:$E$3249,2,FALSE) -> SUMINISTRO, TRANSPORTE E INSTALACIÓN DE RETOQUE DE PINTURA EXISTENTE (INCLUYE RESANE, LIJADA Y PINTURA 3 MANOS DE PINTURA) | F78: =VLOOKUP(D78,[1]Actividades!$A$36:$E$3256,4,FALSE) -> M2 | G78: 180 | I78: =G78*H78 -> 0
C79: 38 | D79: 019.001 | E79: =VLOOKUP(D79,[1]Actividades!$A$36:$E$3249,2,FALSE) -> SUMINISTRO, TRANSPORTE E INSTALACION ESTUCO Y VINILO 3 MANOS SOBRE MURO INTERIOR (INCLUYE ESTUCO, 1 MANO EN PINTURA TIPO 2 Y DOS MANOS EN PINTURA TIPO 1, FILOS Y DILATACIONES). COLOR SEGÚN DISEÑO POR M2 | F79: =VLOOKUP(D79,[1]Actividades!$A$36:$E$3256,4,FALSE) -> M2 | G79: 150 | I79: =G79*H79 -> 0
C80: Subtotal | I80: =SUM(I78:I79) -> 0
E81: ASEO GENERAL Y LIMPIEZA
C82: 39 | D82: 022.001 | E82: =VLOOKUP(D82,[1]Actividades!$A$36:$E$3249,2,FALSE) -> ASEO GENERAL | F82: =VLOOKUP(D82,[1]Actividades!$A$36:$E$3256,4,FALSE) -> M2 | G82: 800 | I82: =G82*H82 -> 0
C83: Subtotal | I83: =SUM(I82:I82) -> 0
E84: ALCANTARILLADO
C85: 40 | D85: 024.169 | E85: =VLOOKUP(D85,[1]Actividades!$A$36:$E$3249,2,FALSE) -> SUMINISTRO, TRANSPORTE E INSTALACIÓN DE CUERPO PARA CÁMARA DE INSPECCIÓN DE 60X60 EN CONCRETO REFORZADO DE 3000 PSI. E=15CM. (INC REFUERZO EN MALLA ELECTROSOLDADA) - NORMA AGUAS DE MANIZALES | F85: =VLOOKUP(D85,[1]Actividades!$A$36:$E$3256,4,FALSE) -> ML | G85: 2 | I85: =G85*H85 -> 0
C86: 41 | D86: 024.172 | E86: =VLOOKUP(D86,[1]Actividades!$A$36:$E$3249,2,FALSE) -> SUMINISTRO, TRANSPORTE E INSTALACIÓN DE BASE Y CAÑUELA EN CONCRETO PARA CÁRAMA DE INSPECCIÓN DE 60X60CM. INCLUYE EXCAVACIÓN, AFIRMADO COMPACTADO. | F86: =VLOOKUP(D86,[1]Actividades!$A$36:$E$3256,4,FALSE) -> UND | G86: 2 | I86: =G86*H86 -> 0
C87: 42 | D87: 024.175 | E87: =VLOOKUP(D87,[1]Actividades!$A$36:$E$3249,2,FALSE) -> SUMINISTRO, TRANSPORTE E INSTALACIÓN DE TAPA EN CONCRETO PARA CÁMARA DE INSPECCIÓN DE 60X60CM. INCLUYE MARCO Y CONTRAMARCO EN ÁNGULO DE 2"X2"X3/16", ACERO DE REFUERZO Y AGARRADERA EN VARILLA. | F87: =VLOOKUP(D87,[1]Actividades!$A$36:$E$3256,4,FALSE) -> UND | G87: 2 | I87: =G87*H87 -> 0
C88: Subtotal | I88: =SUM(I85:I87) -> 0
E89: DESMONTES
C90: 43 | D90: 028.005 | E90: =VLOOKUP(D90,[1]Actividades!$A$36:$E$3249,2,FALSE) -> DESMONTE APARATOS SANITARIOS | F90: =VLOOKUP(D90,[1]Actividades!$A$36:$E$3256,4,FALSE) -> UND | G90: 5 | I90: =G90*H90 -> 0
C91: 44 | D91: 028.007 | E91: =VLOOKUP(D91,[1]Actividades!$A$36:$E$3249,2,FALSE) -> DESMONTE CUBIERTA (INC. RETIRO YDISPOSICIÓN EN BOTADERO) | F91: =VLOOKUP(D91,[1]Actividades!$A$36:$E$3256,4,FALSE) -> M2 | G91: 98 | I91: =G91*H91 -> 0
C92: 45 | D92: 028.008 | E92: =VLOOKUP(D92,[1]Actividades!$A$36:$E$3249,2,FALSE) -> DESMONTE CIELO RASO (INCLUYE RETIRO) | F92: =VLOOKUP(D92,[1]Actividades!$A$36:$E$3256,4,FALSE) -> M2 | G92: 450 | I92: =G92*H92 -> 0
C93: 46 | D93: 028.013 | E93: =VLOOKUP(D93,[1]Actividades!$A$36:$E$3249,2,FALSE) -> DESMONTE PISOS EN MADERA | F93: =VLOOKUP(D93,[1]Actividades!$A$36:$E$3256,4,FALSE) -> M2 | G93: 280 | I93: =G93*H93 -> 0
C94: Subtotal | I94: =SUM(I90:I93) -> 0
E95: DEMOLICIONES
C96: 47 | D96: 029.003 | E96: =VLOOKUP(D96,[1]Actividades!$A$36:$E$3249,2,FALSE) -> DEMOLICION ENCHAPE DE PISOS (INCLUYE RETIRO) | F96: =VLOOKUP(D96,[1]Actividades!$A$36:$E$3256,4,FALSE) -> M2 | G96: 400 | I96: =G96*H96 -> 0
C97: Subtotal | I97: =SUM(I96:I96) -> 0
E98: ACTIVIDADES PARA PROYECTOS ESPECIFICOS
C99: 48 | D99: 032.027 | E99: =VLOOKUP(D99,[1]Actividades!$A$36:$E$3249,2,FALSE) -> SUMINISTRO, TRANSPORTE E INSTALACION TEJA ONDULADA FIBROCEMENTO PERFIL 7 | F99: =VLOOKUP(D99,[1]Actividades!$A$36:$E$3256,4,FALSE) -> M2 | G99: 80 | I99: =G99*H99 -> 0
A100: | | C100: 49 | D100: 032.059 | E100: =VLOOKUP(D100,[1]Actividades!$A$36:$E$3249,2,FALSE) -> SUMINISTRO, TRANSPORTE E INSTALACION PINTURA ESMALTE PARA PUERTAS, REJAS, VENTANAS, PASAMANOS Y ZÓCALOS. INCLUYE FILOS Y DILATACIONES | F100: =VLOOKUP(D100,[1]Actividades!$A$36:$E$3256,4,FALSE) -> M2 | G100: 35 | I100: =G100*H100 -> 0
C101: 50 | D101: 032.125 | E101: =VLOOKUP(D101,[1]Actividades!$A$36:$E$3249,2,FALSE) -> SUMINISTRO TRANSPORTE E INSTALACION MESON EN GRANITO NATURAL CRISTAL PULIDO Y BRILLADO, PARA INCRUSTAR LAVAMANOS A=0.60M | F101: =VLOOKUP(D101,[1]Actividades!$A$36:$E$3256,4,FALSE) -> ML | G101: 2 | I101: =G101*H101 -> 0
I102: =SUM(I99:I101) -> 0
E103: ACUEDUCTOS Y ALCANTARILLADOS
C104: 51 | D104: 033.087 | E104: =VLOOKUP(D104,[1]Actividades!$A$36:$E$3249,2,FALSE) -> DEMOLICION DE ESTRUCTURAS DE CONCRETO REFORZADO | F104: =VLOOKUP(D104,[1]Actividades!$A$36:$E$3256,4,FALSE) -> M3 | G104: 2 | I104: =G104*H104 -> 0
C105: 52 | D105: 033.106 | E105: =VLOOKUP(D105,[1]Actividades!$A$36:$E$3249,2,FALSE) -> SUMINISTRO, TRANSPORTE E INSTALACION MALLA ELECTROSOLDADA M-084 Q-2 F 4 MM C/.15M EN AMBOS SENTIDOS (INCLUYE ALAMBRE NEGRO, COLOCACIÓN Y TRASLAPO). | F105: =VLOOKUP(D105,[1]Actividades!$A$36:$E$3256,4,FALSE) -> M2 | G105: 166 | I105: =G105*H105 -> 0
...

Sheet INDICAR CÓDIGO DEL ITEM DE PAGO
C3: Formulario 1 - Propuesta económica - Documento tipo de licitación de obra pública de infraestructura de transporte - versión 3
C4: Código | D4: CCE-EICP-FM-14 | E4: Versión | F4: 3
C6: [La entidad podrá utilizar este formato para la presentación de los análisis de precios unitarios del contratista en la oportunidad prevista en el numeral 8.1. del Documento Base]
D9: [NOMBRE DE LA ENTIDAD]
L10: VERSIÓN
D11: [NÚMERO DEL PROCESO]
L12: PÁGINA | M12: 1 | N12: DE | O12: 1
D14: ANALISIS DE PRECIOS UNITARIOS
L16: FECHA | M16: DD | N16: MM | O16: AA
C18: ÍTEMS DE LA PROPUESTA ECONÓMICA | I18: ÍTEMS NO PREVISTOS
C22: DATOS ESPECÍFICOS
C24: ÍTEM | D24: DESCRIPCIÓN | M24: UNIDAD | O24: CANTIDAD
C26: I. EQUIPO
C29: DESCRIPCIÓN | H29: MARCA | J29: TIPO | L29: TARIFA/HORA | M29: RENDIMIENTO | O29: Vr. UNITARIO
C33: SUBTOTAL $
C34: II. MATERIALES
C37: DESCRIPCIÓN | K37: UNIDAD | L37: CANTIDAD | M37: PRECIO UNIT. | O37: Vr. UNITARIO
C40: SUBTOTAL $ | O40: 0
C41: III. TRANSPORTES
C44: MATERIAL | J44: VOL. o PESO | K44: DISTANCIA | L44: M3 o Ton/Km | M44: TARIFA | O44: Vr. UNITARIO
C47: SUBTOTAL $
C48: IV. MANO DE OBRA
C51: TRABAJADOR | J51: JORNAL | K51: PRESTACIONES | L51: JORNAL TOTAL | M51: RENDIMIENTO | O51: Vr. UNITARIO
C56: SUBTOTAL $
C58: TOTAL COSTO DIRECTO $
C59: V. COSTOS INDIRECTOS
C62: Descripción | L62: Porcentaje | M62: Valor Total
C63: ADMINISTRACION
C64: IMPREVISTOS
C65: UTILIDAD
C66: SUBTOTAL $
C68: Precio Unitario Total Aproximado al peso $
H72: Firma
H73: Nombre:
H74: Representante Legal del Contratista o su Apoderado
H75: Matricula No. :
C77: OBSERVACIONES INTERVENTORÍA
C81: APROBACIÓN POR INTERVENTORÍA
C82: Nota 1: Cuando se trate de Análisis de precios unitarios correspondientes a ítems de la propuesta económica aprobada, el Interventor aprueba el desglose de los componentes manteniendo el mismo precio unitario de cada ítem, cumpliendo con las especificaciones de construcción vigentes para el proyecto.
C84: Nota 2: Cuando se trate de Análisis de precios unitarios de ítems no previstos, el Interventor aprueba el desglose y precio unitario de cada ítem no previsto, exigiendo la aplicación de los costos correspondientes a insumos y tarifas de la propuesta económica inicial cuando estén contemplados, cumpliendo con las especificaciones de construcción vigente para el proyecto.
H87: Firma
H88: Nombre:
H89: Representante Legal del Interventor o su Apoderado
H90: Matricula No. :
